Workbook
Name C_Despesa: '[1]Dades auxiliars'!$N$1:$N$9
Name Dades_Servei: '[2]Dades auxiliars'!$A$1:$J$262
Name T_Despesa: '[1]Dades auxiliars'!$M$1:$M$5

Sheet Càlcul pressupost 
A1: AM IMH (3+2) | T1: Mesos Transició | U1: Data inici transició
A2: Data inici contracte | B2: 44562 | T2: 0 | U2: 44713
A3: Data inici servei | B3: 44713 | T3: 1 | U3: 44682
A4: Data fi del contracte | B4: 45657 | T4: 2 | U4: 44652
E5: Servei | G5: Import 2022 | H5: Import 2023 | I5: Import 2024 | J5: Import Total IVA inclòs | K5: Import Total IVA exclòs | T5: 3 | U5: 44621
C6: Treball fet real en incidència. Es paga al final | E6: Manteniment correctiu | G6: =+I61 -> 609478.44 | H6: =+I115 -> 918949.71 | I6: =+I115 -> 918949.71 | J6: =SUM(G6:I6) -> 2447377.9 | K6: =+ROUND(J6/1.21,2) -> 2022626.3 | T6: 4 | U6: 44593
C7: Treball valorat i acceptat. Es paga al final | E7: Manteniment recurrent | G7: =+L61+T61 -> 1089866.5 | H7: =+L115 -> 1378424.6 | I7: =+L115 -> 1378424.6 | J7: =SUM(G7:I7) -> 3846715.6 | K7: =+ROUND(J7/1.21,2) -> 3179103.8 | T7: 5 | U7: 44562
C8: Tarifa plana | E8: Serveis Transversals de Manteniment | G8: =+O61 -> 342161.86 | H8: =+O115+P115 -> 536970.75 | I8: =+O115+P115 -> 536970.75 | J8: =SUM(G8:I8) -> 1416103.4 | K8: =+ROUND(J8/1.21,2) -> 1170333.4
C9: Segons consum | E9: - Llicències (incloses a STM) | H9: =+P115 -> 10229 | I9: =+P115 -> 10229 | J9: =SUM(G9:I9) -> 20458 | K9: =+ROUND(J9/1.21,2) -> 16907.44
E10: Import total licitació | G10: =SUM(G6:G8) -> 2041506.8 | H10: =SUM(H6:H8) -> 2834345 | I10: =SUM(I6:I8) -> 2834345 | J10: =SUM(J6:J8) -> 7710196.9 | K10: =SUM(K6:K8) -> 6372063.5
A12: ANY 2022 5 mesos de transició + 7 mesos de servei | D12: Mesos | E12: 7
A13: Subgrup | B13: Servei | C13: Nom Servei | D13: Codi Aplicació | E13: Nom Aplicació | F13: Tecnologia | G13: IT Manteniment correctiu | H13: Preu/hora | I13: € Manteniment correctiu | J13: PT Manteniment recurrent | K13: Preu/hora | L13: € Manteniment recurrent | M13: TT Serveis Transversals de Manteniment | N13: Preu/hora | O13: € STM | P13: € Llicències | Q13: Data inici transició | R13: Data inici servei | S13: Mesos transició | T13: € Transició (recurrent) | U13: TOTAL (sense transició)
A14: GTR - Gestió Tributs | B14: SER0056 | C14: Notaris | D14: APP0247 | E14: eNotaris | F14: J2EE | G14: =+I14/H14 -> 70.044485 | H14: =Perfils!$G$7 -> 60.6 | I14: 4244.6958 | J14: =+L14/K14 -> 104.17284 | K14: =Perfils!$G$13 -> 61.12 | L14: 6367.0437 | M14: =+O14/N14 -> 0 | N14: =Perfils!$G$19 -> 64.3 | O14: 0 | P14: 0 | Q14: =VLOOKUP(S14,$T$2:$U$6,2) -> 44652 | R14: =+$B$3 -> 44713 | S14: 2 | T14: 666.67 | U14: =+I14+L14+O14+P14 -> 10611.74
A15: GTR - Gestió Tributs | B15: SER0057 | C15: Tributs vehicles | D15: APP0254 | E15: ePadró | F15: J2EE | G15: =+I15/H15 -> 10.506673 | H15: =Perfils!$G$7 -> 60.6 | I15: 636.70437 | J15: =+L15/K15 -> 15.625925 | K15: =Perfils!$G$13 -> 61.12 | L15: 955.05656 | M15: =+O15/N15 -> 0 | N15: =Perfils!$G$19 -> 64.3 | O15: 0 | P15: 0 | Q15: =VLOOKUP(S15,$T$2:$U$6,2) -> 44652 | R15: =+$B$3 -> 44713 | S15: 2 | T15: 100 | U15: =+I15+L15+O15+P15 -> 1591.7609
A16: GTR - Gestió Tributs | B16: SER0057 | C16: Tributs vehicles | D16: APP0729 | E16: SAP TRM Vehicles | F16: SAP TRM | G16: =+I16/H16 -> 219.0766 | H16: =Perfils!$G$7 -> 60.6 | I16: 13276.042 | J16: =+L16/K16 -> 325.8191 | K16: =Perfils!$G$13 -> 61.12 | L16: 19914.063 | M16: =+O16/N16 -> 0 | N16: =Perfils!$G$19 -> 64.3 | O16: 0 | P16: 0 | Q16: =VLOOKUP(S16,$T$2:$U$6,2) -> 44621 | R16: =+$B$3 -> 44713 | S16: 3 | T16: 3127.68 | U16: =+I16+L16+O16+P16 -> 33190.106
A17: GTR - Gestió Tributs | B17: SER0058 | C17: Tributs IBI i Cadastre | D17: APP0254 | E17: ePadró | F17: J2EE | G17: =+I17/H17 -> 10.506673 | H17: =Perfils!$G$7 -> 60.6 | I17: 636.70437 | J17: =+L17/K17 -> 15.625925 | K17: =Perfils!$G$13 -> 61.12 | L17: 955.05656 | M17: =+O17/N17 -> 0 | N17: =Perfils!$G$19 -> 64.3 | O17: 0 | P17: 0 | Q17: =VLOOKUP(S17,$T$2:$U$6,2) -> 44652 | R17: =+$B$3 -> 44713 | S17: 2 | T17: 100 | U17: =+I17+L17+O17+P17 -> 1591.7609
A18: GTR - Gestió Tributs | B18: SER0058 | C18: Tributs IBI i Cadastre | D18: APP0925 | E18: SAP TRM Cadastre | F18: SAP TRM | G18: =+I18/H18 -> 788.00046 | H18: =Perfils!$G$7 -> 60.6 | I18: 47752.828 | J18: =+L18/K18 -> 1171.9444 | K18: =Perfils!$G$13 -> 61.12 | L18: 71629.242 | M18: =+O18/N18 -> 0 | N18: =Perfils!$G$19 -> 64.3 | O18: 0 | P18: 0 | Q18: =VLOOKUP(S18,$T$2:$U$6,2) -> 44593 | R18: =+$B$3 -> 44713 | S18: 4 | T18: 15000 | U18: =+I18+L18+O18+P18 -> 119382.07
A19: GTR - Gestió Tributs | B19: SER0059 | C19: Tributs Plusvàlues | D19: APP0934 | E19: SAP TRM Plusvàlua | F19: SAP TRM | G19: =+I19/H19 -> 244.80429 | H19: =Perfils!$G$7 -> 60.6 | I19: 14835.14 | J19: =+L19/K19 -> 364.0823 | K19: =Perfils!$G$13 -> 61.12 | L19: 22252.71 | M19: =+O19/N19 -> 0 | N19: =Perfils!$G$19 -> 64.3 | O19: 0 | P19: 0 | Q19: =VLOOKUP(S19,$T$2:$U$6,2) -> 44621 | R19: =+$B$3 -> 44713 | S19: 3 | T19: 3494.98 | U19: =+I19+L19+O19+P19 -> 37087.851
A20: GTR - Gestió Tributs | B20: SER0060 | C20: Tributs IAE | D20: APP0254 | E20: ePadró | F20: J2EE | G20: =+I20/H20 -> 10.506673 | H20: =Perfils!$G$7 -> 60.6 | I20: 636.70437 | J20: =+L20/K20 -> 15.625925 | K20: =Perfils!$G$13 -> 61.12 | L20: 955.05656 | M20: =+O20/N20 -> 0 | N20: =Perfils!$G$19 -> 64.3 | O20: 0 | P20: 0 | Q20: =VLOOKUP(S20,$T$2:$U$6,2) -> 44652 | R20: =+$B$3 -> 44713 | S20: 2 | T20: 100 | U20: =+I20+L20+O20+P20 -> 1591.7609
A21: GTR - Gestió Tributs | B21: SER0060 | C21: Tributs IAE | D21: APP0932 | E21: SAP TRM IAE | F21: SAP TRM | G21: =+I21/H21 -> 429.41288 | H21: =Perfils!$G$7 -> 60.6 | I21: 26022.421 | J21: =+L21/K21 -> 638.63925 | K21: =Perfils!$G$13 -> 61.12 | L21: 39033.631 | M21: =+O21/N21 -> 0 | N21: =Perfils!$G$19 -> 64.3 | O21: 0 | P21: 0 | Q21: =VLOOKUP(S21,$T$2:$U$6,2) -> 44621 | R21: =+$B$3 -> 44713 | S21: 3 | T21: 6130.57 | U21: =+I21+L21+O21+P21 -> 65056.052
A22: GTR - Gestió Tributs | B22: SER0061 | C22: Tributs Residus | D22: APP0254 | E22: ePadró | F22: J2EE | G22: =+I22/H22 -> 10.506673 | H22: =Perfils!$G$7 -> 60.6 | I22: 636.70437 | J22: =+L22/K22 -> 15.625925 | K22: =Perfils!$G$13 -> 61.12 | L22: 955.05656 | M22: =+O22/N22 -> 0 | N22: =Perfils!$G$19 -> 64.3 | O22: 0 | P22: 0 | Q22: =VLOOKUP(S22,$T$2:$U$6,2) -> 44652 | R22: =+$B$3 -> 44713 | S22: 2 | T22: 100 | U22: =+I22+L22+O22+P22 -> 1591.7609
A23: GTR - Gestió Tributs | B23: SER0061 | C23: Tributs Residus | D23: APP0937 | E23: SAP TRM Residus | F23: SAP TRM | G23: =+I23/H23 -> 402.51125 | H23: =Perfils!$G$7 -> 60.6 | I23: 24392.182 | J23: =+L23/K23 -> 598.63011 | K23: =Perfils!$G$13 -> 61.12 | L23: 36588.272 | M23: =+O23/N23 -> 0 | N23: =Perfils!$G$19 -> 64.3 | O23: 0 | P23: 0 | Q23: =VLOOKUP(S23,$T$2:$U$6,2) -> 44621 | R23: =+$B$3 -> 44713 | S23: 3 | T23: 5746.51 | U23: =+I23+L23+O23+P23 -> 60980.454
A24: GTR - Gestió Tributs | B24: SER0066 | C24: Liquidacions, autoliquidacions i facturació | D24: APP0933 | E24: SAP TRM Liquidació Facturació Autoliquidació | F24: SAP TRM | G24: =+I24/H24 -> 805.81732 | H24: =Perfils!$G$7 -> 60.6 | I24: 48832.53 | J24: =+L24/K24 -> 1198.4423 | K24: =Perfils!$G$13 -> 61.12 | L24: 73248.795 | M24: =+O24/N24 -> 0 | N24: =Perfils!$G$19 -> 64.3 | O24: 0 | P24: 0 | Q24: =VLOOKUP(S24,$T$2:$U$6,2) -> 44593 | R24: =+$B$3 -> 44713 | S24: 4 | T24: 15339.15 | U24: =+I24+L24+O24+P24 -> 122081.32
A25: GTR - Gestió Tributs | B25: SER0644 | C25: SAP TRM G.Expedients Inspecció | D25: APP0929 | E25: SAP TRM G.Expedients Inspecció | F25: SAP TRM | G25: =+I25/H25 -> 656.66705 | H25: =Perfils!$G$7 -> 60.6 | I25: 39794.023 | J25: =+L25/K25 -> 976.62033 | K25: =Perfils!$G$13 -> 61.12 | L25: 59691.035 | M25: =+O25/N25 -> 0 | N25: =Perfils!$G$19 -> 64.3 | O25: 0 | P25: 0 | Q25: =VLOOKUP(S25,$T$2:$U$6,2) -> 44621 | R25: =+$B$3 -> 44713 | S25: 3 | T25: 9375 | U25: =+I25+L25+O25+P25 -> 99485.058
... A48: GMU - Gestió Multes | B48: SER0069 | C48: Arxiu d'imatges digitalitzades | D48: APP0397 | E48: Invesdoc | F48: - | G48: =+I48/H48 -> 0 | H48: =Perfils!$G$7 -> 60.6 | I48: 0 | J48: =+L48/K48 -> 0 | K48: =Perfils!$G$13 -> 61.12 | L48: 0 | M48: =+O48/N48 -> 0 | N48: =Perfils!$G$19 -> 64.3 | O48: 0 | P48: 0 | Q48: =VLOOKUP(S48,$T$2:$U$6,2) -> 44713 | R48: =+$B$3 -> 44713 | S48: 0 | T48: 0 | U48: =+I48+L48+O48+P48 -> 0
A49: GMU - Gestió Multes | B49: SER0470 | C49: Suport SAU a eConvenis, ePadrons, eMultes i eNotificacions | D49: APP0907 | E49: SAU IMH | F49: - | G49: =+I49/H49 -> 0 | H49: =Perfils!$G$7 -> 60.6 | I49: 0 | J49: =+L49/K49 -> 0 | K49: =Perfils!$G$13 -> 61.12 | L49: 0 | M49: 0 | N49: =Perfils!$G$19 -> 64.3 | O49: 52500 | P49: 0 | Q49: =VLOOKUP(S49,$T$2:$U$6,2) -> 44652 | R49: =+$B$3 -> 44713 | S49: 2 | T49: 3750 | U49: =+I49+L49+O49+P49 -> 52500
A50: GMU - Gestió Multes | B50: SER0637 | C50: Gestió Recursos de Sancions | D50: APP0935 | E50: SAP TRM Sancions i recursos sancions | F50: SAP TRM | G50: =+I50/H50 -> 678.55595 | H50: =Perfils!$G$7 -> 60.6 | I50: 41120.491 | J50: =+L50/K50 -> 1009.1743 | K50: =Perfils!$G$13 -> 61.12 | L50: 61680.736 | M50: =+O50/N50 -> 0 | N50: =Perfils!$G$19 -> 64.3 | O50: 0 | P50: 0 | Q50: =VLOOKUP(S50,$T$2:$U$6,2) -> 44621 | R50: =+$B$3 -> 44713 | S50: 3 | T50: 9687.5 | U50: =+I50+L50+O50+P50 -> 102801.23
A51: GEX - Gestió Expedients | B51: SER0063 | C51: Contribuents, unificació, traspàs de deute i BIs de captació i expedients de cancel·lació i modificació | D51: APP0730 | E51: SAP TRM Recaptació | F51: SAP TRM | G51: =+I51/H51 -> 87.555607 | H51: =Perfils!$G$7 -> 60.6 | I51: 5305.8698 | J51: =+L51/K51 -> 130.21604 | K51: =Perfils!$G$13 -> 61.12 | L51: 7958.8046 | M51: =+O51/N51 -> 0 | N51: =Perfils!$G$19 -> 64.3 | O51: 0 | P51: 0 | Q51: =VLOOKUP(S51,$T$2:$U$6,2) -> 44621 | R51: =+$B$3 -> 44713 | S51: 3 | T51: 1250 | U51: =+I51+L51+O51+P51 -> 13264.674
A52: GEX - Gestió Expedients | B52: SER0063 | C52: Contribuents, unificació, traspàs de deute i BIs de captació i expedients de cancel·lació i modificació | D52: APP0731 | E52: SAP TRM Contribuents | F52: SAP TRM | G52: =+I52/H52 -> 437.77803 | H52: =Perfils!$G$7 -> 60.6 | I52: 26529.349 | J52: =+L52/K52 -> 651.08022 | K52: =Perfils!$G$13 -> 61.12 | L52: 39794.023 | M52: =+O52/N52 -> 0 | N52: =Perfils!$G$19 -> 64.3 | O52: 0 | P52: 0 | Q52: =VLOOKUP(S52,$T$2:$U$6,2) -> 44621 | R52: =+$B$3 -> 44713 | S52: 3 | T52: 6250 | U52: =+I52+L52+O52+P52 -> 66323.372
A53: GEX - Gestió Expedients | B53: SER0063 | C53: Contribuents, unificació, traspàs de deute i BIs de captació i expedients de cancel·lació i modificació | D53: APP0938 | E53: SAP TRM G. Expedients Sol·licituds | F53: SAP TRM | G53: =+I53/H53 -> 109.44451 | H53: =Perfils!$G$7 -> 60.6 | I53: 6632.3372 | J53: =+L53/K53 -> 162.77006 | K53: =Perfils!$G$13 -> 61.12 | L53: 9948.5058 | M53: =+O53/N53 -> 0 | N53: =Perfils!$G$19 -> 64.3 | O53: 0 | P53: 0 | Q53: =VLOOKUP(S53,$T$2:$U$6,2) -> 44621 | R53: =+$B$3 -> 44713 | S53: 3 | T53: 1562.5 | U53: =+I53+L53+O53+P53 -> 16580.843
A54: GEX - Gestió Expedients | B54: SER0638 | C54: Expedients de Recursos de tributs | D54: APP0936 | E54: SAP TRM G. Expedients Recursos tributs | F54: SAP TRM | G54: =+I54/H54 -> 547.22254 | H54: =Perfils!$G$7 -> 60.6 | I54: 33161.686 | J54: =+L54/K54 -> 813.85028 | K54: =Perfils!$G$13 -> 61.12 | L54: 49742.529 | M54: =+O54/N54 -> 0 | N54: =Perfils!$G$19 -> 64.3 | O54: 0 | P54: 0 | Q54: =VLOOKUP(S54,$T$2:$U$6,2) -> 44621 | R54: =+$B$3 -> 44713 | S54: 3 | T54: 7812.5 | U54: =+I54+L54+O54+P54 -> 82904.215
A55: GEX - Gestió Expedients | B55: SER0659 | C55: Expedients de gestió Tributària | D55: APP0927 | E55: SAP TRM G.Expedients Cadastre | F55: SAP TRM | G55: =+I55/H55 -> 240.77792 | H55: =Perfils!$G$7 -> 60.6 | I55: 14591.142 | J55: =+L55/K55 -> 358.09412 | K55: =Perfils!$G$13 -> 61.12 | L55: 21886.713 | M55: =+O55/N55 -> 0 | N55: =Perfils!$G$19 -> 64.3 | O55: 0 | P55: 0 | Q55: =VLOOKUP(S55,$T$2:$U$6,2) -> 44621 | R55: =+$B$3 -> 44713 | S55: 3 | T55: 3437.5 | U55: =+I55+L55+O55+P55 -> 36477.855
A56: GEX - Gestió Expedients | B56: SER0659 | C56: Expedients de gestió Tributària | D56: APP0928 | E56: SAP TRM G. Expedients IAE | F56: SAP TRM | G56: =+I56/H56 -> 109.44451 | H56: =Perfils!$G$7 -> 60.6 | I56: 6632.3372 | J56: =+L56/K56 -> 162.77006 | K56: =Perfils!$G$13 -> 61.12 | L56: 9948.5058 | M56: =+O56/N56 -> 0 | N56: =Perfils!$G$19 -> 64.3 | O56: 0 | P56: 0 | Q56: =VLOOKUP(S56,$T$2:$U$6,2) -> 44621 | R56: =+$B$3 -> 44713 | S56: 3 | T56: 1562.5 | U56: =+I56+L56+O56+P56 -> 16580.843
A57: GEX - Gestió Expedients | B57: SER0659 | C57: Expedients de gestió Tributària | D57: APP0930 | E57: SAP TRM G. Expedients Residus | F57: SAP TRM | G57: =+I57/H57 -> 109.44451 | H57: =Perfils!$G$7 -> 60.6 | I57: 6632.3372 | J57: =+L57/K57 -> 162.77006 | K57: =Perfils!$G$13 -> 61.12 | L57: 9948.5058 | M57: =+O57/N57 -> 0 | N57: =Perfils!$G$19 -> 64.3 | O57: 0 | P57: 0 | Q57: =VLOOKUP(S57,$T$2:$U$6,2) -> 44621 | R57: =+$B$3 -> 44713 | S57: 3 | T57: 1562.5 | U57: =+I57+L57+O57+P57 -> 16580.843
A58: GEX - Gestió Expedients | B58: SER0659 | C58: Expedients de gestió Tributària | D58: APP0931 | E58: SAP TRM G.Expedients Vehicles | F58: SAP TRM | G58: =+I58/H58 -> 109.44451 | H58: =Perfils!$G$7 -> 60.6 | I58: 6632.3372 | J58: =+L58/K58 -> 162.77006 | K58: =Perfils!$G$13 -> 61.12 | L58: 9948.5058 | M58: =+O58/N58 -> 0 | N58: =Perfils!$G$19 -> 64.3 | O58: 0 | P58: 0 | Q58: =VLOOKUP(S58,$T$2:$U$6,2) -> 44621 | R58: =+$B$3 -> 44713 | S58: 3 | T58: 1562.5 | U58: =+I58+L58+O58+P58 -> 16580.843
A59: GEX - Gestió Expedients | B59: SER0661 | C59: Expedients de Sol·licituds de beneficis fiscals | D59: APP0938 | E59: SAP TRM G. Expedients Sol·licituds | F59: SAP TRM | G59: =+I59/H59 -> 240.77792 | H59: =Perfils!$G$7 -> 60.6 | I59: 14591.142 | J59: =+L59/K59 -> 358.09412 | K59: =Perfils!$G$13 -> 61.12 | L59: 21886.713 | M59: =+O59/N59 -> 0 | N59: =Perfils!$G$19 -> 64.3 | O59: 0 | P59: 0 | Q59: =VLOOKUP(S59,$T$2:$U$6,2) -> 44621 | R59: =+$B$3 -> 44713 | S59: 3 | T59: 3437.5 | U59: =+I59+L59+O59+P59 -> 36477.855
A60: - | B60: SER9999 | C60: Genèric | D60: APP9999 | E60: Genèric | F60: - | G60: =+I60/H60 -> 0 | H60: =Perfils!$G$7 -> 60.6 | I60: 0 | J60: =+L60/K60 -> 0 | K60: =Perfils!$G$13 -> 61.12 | L60: 0 | M60: =+O60/N60 -> 4504.8501 | N60: =Perfils!$G$19 -> 64.3 | O60: 289661.86 | P60: 0 | Q60: =VLOOKUP(S60,$T$2:$U$6,2) -> 44713 | R60: =+$B$3 -> 44713 | S60: 0 | T60: =ROUND((S60*U114*0.25)/12,2) -> 0 | U60: =+I60+L60+O60+P60 -> 289661.86
B61: Total | G61: =SUM(G14:G60) -> 10057.4 | I61: =SUM(I14:I60) -> 609478.44 | J61: =SUM(J14:J60) -> 14957.75 | L61: =SUM(L14:L60) -> 914217.65 | M61: =SUM(M14:M60) -> 4504.8501 | O61: =SUM(O14:O60) -> 342161.86 | P61: =SUM(P14:P60) -> 0 | T61: =SUM(T14:T60) -> 175648.84 | U61: =SUM(U14:U60) -> 1865857.9
E63: FTE | G63: =(G61/$E$12/8)/20 -> 8.9798214 | J63: =(J61/$E$12/8)/20 -> 13.355134 | M63: =(M61/$E$12/8)/20 -> 4.0221876 | N63: (sense SAU)
A66: ANY 2023 i 2024 | D66: Mesos | E66: 12
A67: Subgrup | B67: Servei | C67: Nom Servei | D67: Codi Aplicació | E67: Nom Aplicació | F67: Tecnologia | G67: IT Manteniment correctiu | H67: Preu/hora | I67: € Manteniment correctiu | J67: PT Manteniment recurrent | K67: Preu/hora | L67: € Manteniment recurrent | M67: TT Serveis Transversals de Manteniment | N67: Preu/hora | O67: € STM | P67: € Llicències | Q67: Data inici transició | R67: Data inici servei | T67: € Transició (recurrent) | U67: TOTAL
A68: GTR - Gestió Tributs | B68: SER0056 | C68: Notaris | D68: APP0247 | E68: eNotaris | F68: J2EE | G68: =+I68/H68 -> 105.61056 | H68: =Perfils!$G$7 -> 60.6 | I68: 6400 | J68: =+L68/K68 -> 157.06806 | K68: =Perfils!$G$13 -> 61.12 | L68: 9600 | M68: =+O68/N68 -> 0 | N68: =Perfils!$G$19 -> 64.3 | O68: 0 | P68: 0 | Q68: =VLOOKUP(S68,$T$2:$U$6,2) -> 44652 | R68: =+$B$3 -> 44713 | S68: 2 | T68: =ROUND((S68*U120*0.3)/12,2) -> 0 | U68: =+I68+L68+O68+P68 -> 16000
A69: GTR - Gestió Tributs | B69: SER0057 | C69: Tributs vehicles | D69: APP0254 | E69: ePadró | F69: J2EE | G69: =+I69/H69 -> 15.841584 | H69: =Perfils!$G$7 -> 60.6 | I69: 960 | J69: =+L69/K69 -> 23.560209 | K69: =Perfils!$G$13 -> 61.12 | L69: 1440 | M69: =+O69/N69 -> 0 | N69: =Perfils!$G$19 -> 64.3 | O69: 0 | P69: 0 | Q69: =VLOOKUP(S69,$T$2:$U$6,2) -> 44652 | R69: =+$B$3 -> 44713 | S69: 2 | T69: =ROUND((S69*U121*0.25)/12,2) -> 0 | U69: =+I69+L69+O69+P69 -> 2400
A70: GTR - Gestió Tributs | B70: SER0057 | C70: Tributs vehicles | D70: APP0729 | E70: SAP TRM Vehicles | F70: SAP TRM | G70: =+I70/H70 -> 330.31584 | H70: =Perfils!$G$7 -> 60.6 | I70: 20017.14 | J70: =+L70/K70 -> 491.25834 | K70: =Perfils!$G$13 -> 61.12 | L70: 30025.71 | M70: =+O70/N70 -> 0 | N70: =Perfils!$G$19 -> 64.3 | O70: 0 | P70: 0 | Q70: =VLOOKUP(S70,$T$2:$U$6,2) -> 44652 | R70: =+$B$3 -> 44713 | S70: 2 | T70: =ROUND((S70*U122*0.25)/12,2) -> 0 | U70: =+I70+L70+O70+P70 -> 50042.85
A71: GTR - Gestió Tributs | B71: SER0058 | C71: Tributs IBI i Cadastre | D71: APP0254 | E71: ePadró | F71: J2EE | G71: =+I71/H71 -> 15.841584 | H71: =Perfils!$G$7 -> 60.6 | I71: 960 | J71: =+L71/K71 -> 23.560209 | K71: =Perfils!$G$13 -> 61.12 | L71: 1440 | M71: =+O71/N71 -> 0 | N71: =Perfils!$G$19 -> 64.3 | O71: 0 | P71: 0 | Q71: =VLOOKUP(S71,$T$2:$U$6,2) -> 44652 | R71: =+$B$3 -> 44713 | S71: 2 | T71: =ROUND((S71*U124*0.25)/12,2) -> 0 | U71: =+I71+L71+O71+P71 -> 2400
A72: GTR - Gestió Tributs | B72: SER0058 | C72: Tributs IBI i Cadastre | D72: APP0925 | E72: SAP TRM Cadastre | F72: SAP TRM | G72: =+I72/H72 -> 1188.1188 | H72: =Perfils!$G$7 -> 60.6 | I72: 72000 | J72: =+L72/K72 -> 1767.0157 | K72: =Perfils!$G$13 -> 61.12 | L72: 108000 | M72: =+O72/N72 -> 0 | N72: =Perfils!$G$19 -> 64.3 | O72: 0 | P72: 0 | Q72: =VLOOKUP(S72,$T$2:$U$6,2) -> 44652 | R72: =+$B$3 -> 44713 | S72: 2 | T72: =ROUND((S72*U125*0.25)/12,2) -> 0 | U72: =+I72+L72+O72+P72 -> 180000
A73: GTR - Gestió Tributs | B73: SER0059 | C73: Tributs Plusvàlues | D73: APP0934 | E73: SAP TRM Plusvàlua | F73: SAP TRM | G73: =+I73/H73 -> 369.10713 | H73: =Perfils!$G$7 -> 60.6 | I73: 22367.892 | J73: =+L73/K73 -> 548.95023 | K73: =Perfils!$G$13 -> 61.12 | L73: 33551.838 | M73: =+O73/N73 -> 0 | N73: =Perfils!$G$19 -> 64.3 | O73: 0 | P73: 0 | Q73: =VLOOKUP(S73,$T$2:$U$6,2) -> 44652 | R73: =+$B$3 -> 44713 | S73: 2 | T73: =ROUND((S73*U127*0.25)/12,2) -> 0 | U73: =+I73+L73+O73+P73 -> 55919.73
A74: GTR - Gestió Tributs | B74: SER0060 | C74: Tributs IAE | D74: APP0254 | E74: ePadró | F74: J2EE | G74: =+I74/H74 -> 15.841584 | H74: =Perfils!$G$7 -> 60.6 | I74: 960 | J74: =+L74/K74 -> 23.560209 | K74: =Perfils!$G$13 -> 61.12 | L74: 1440 | M74: =+O74/N74 -> 0 | N74: =Perfils!$G$19 -> 64.3 | O74: 0 | P74: 0 | Q74: =VLOOKUP(S74,$T$2:$U$6,2) -> 44652 | R74: =+$B$3 -> 44713 | S74: 2 | T74: =ROUND((S74*U128*0.25)/12,2) -> 0 | U74: =+I74+L74+O74+P74 -> 2400
A75: GTR - Gestió Tributs | B75: SER0060 | C75: Tributs IAE | D75: APP0932 | E75: SAP TRM IAE | F75: SAP TRM | G75: =+I75/H75 -> 647.45333 | H75: =Perfils!$G$7 -> 60.6 | I75: 39235.672 | J75: =+L75/K75 -> 962.91734 | K75: =Perfils!$G$13 -> 61.12 | L75: 58853.508 | M75: =+O75/N75 -> 0 | N75: =Perfils!$G$19 -> 64.3 | O75: 0 | P75: 0 | Q75: =VLOOKUP(S75,$T$2:$U$6,2) -> 44652 | R75: =+$B$3 -> 44713 | S75: 2 | T75: =ROUND((S75*U130*0.25)/12,2) -> 0 | U75: =+I75+L75+O75+P75 -> 98089.18
A76: GTR - Gestió Tributs | B76: SER0061 | C76: Tributs Residus | D76: APP0254 | E76: ePadró | F76: J2EE | G76: =+I76/H76 -> 15.841584 | H76: =Perfils!$G$7 -> 60.6 | I76: 960 | J76: =+L76/K76 -> 23.560209 | K76: =Perfils!$G$13 -> 61.12 | L76: 1440 | M76: =+O76/N76 -> 0 | N76: =Perfils!$G$19 -> 64.3 | O76: 0 | P76: 0 | Q76: =VLOOKUP(S76,$T$2:$U$6,2) -> 44652 | R76: =+$B$3 -> 44713 | S76: 2 | T76: =ROUND((S76*U131*0.25)/12,2) -> 0 | U76: =+I76+L76+O76+P76 -> 2400
A77: GTR - Gestió Tributs | B77: SER0061 | C77: Tributs Residus | D77: APP0937 | E77: SAP TRM Residus | F77: SAP TRM | G77: =+I77/H77 -> 606.89201 | H77: =Perfils!$G$7 -> 60.6 | I77: 36777.656 | J77: =+L77/K77 -> 902.593 | K77: =Perfils!$G$13 -> 61.12 | L77: 55166.484 | M77: =+O77/N77 -> 0 | N77: =Perfils!$G$19 -> 64.3 | O77: 0 | P77: 0 | Q77: =VLOOKUP(S77,$T$2:$U$6,2) -> 44652 | R77: =+$B$3 -> 44713 | S77: 2 | T77: =ROUND((S77*U133*0.25)/12,2) -> 0 | U77: =+I77+L77+O77+P77 -> 91944.14
A78: GTR - Gestió Tributs | B78: SER0066 | C78: Liquidacions, autoliquidacions i facturació | D78: APP0933 | E78: SAP TRM Liquidació Facturació Autoliquidació | F78: SAP TRM | G78: =+I78/H78 -> 1214.9824 | H78: =Perfils!$G$7 -> 60.6 | I78: 73627.936 | J78: =+L78/K78 -> 1806.9683 | K78: =Perfils!$G$13 -> 61.12 | L78: 110441.9 | M78: =+O78/N78 -> 0 | N78: =Perfils!$G$19 -> 64.3 | O78: 0 | P78: 0 | Q78: =VLOOKUP(S78,$T$2:$U$6,2) -> 44621 | R78: =+$B$3 -> 44713 | S78: 3 | T78: =ROUND((S78*U141*0.25)/12,2) -> 0 | U78: =+I78+L78+O78+P78 -> 184069.84
A79: GTR - Gestió Tributs | B79: SER0644 | C79: SAP TRM G.Expedients Inspecció | D79: APP0929 | E79: SAP TRM G.Expedients Inspecció | F79: SAP TRM | G79: =+I79/H79 -> 990.09901 | H79: =Perfils!$G$7 -> 60.6 | I79: 60000 | J79: =+L79/K79 -> 1472.5131 | K79: =Perfils!$G$13 -> 61.12 | L79: 90000 | M79: =+O79/N79 -> 0 | N79: =Perfils!$G$19 -> 64.3 | O79: 0 | P79: 0 | Q79: =VLOOKUP(S79,$T$2:$U$6,2) -> 44621 | R79: =+$B$3 -> 44713 | S79: 3 | T79: =ROUND((S79*U163*0.25)/12,2) -> 0 | U79: =+I79+L79+O79+P79 -> 150000
A80: GRE - Gestió Recaptació | B80: SER0064 | C80: Compra CB | D80: APP0730 | E80: SAP TRM Recaptació | F80: - | G80: =+I80/H80 -> 0 | H80: =Perfils!$G$7 -> 60.6 | I80: 0 | J80: =+L80/K80 -> 0 | K80: =Perfils!$G$13 -> 61.12 | L80: 0 | M80: =+O80/N80 -> 0 | N80: =Perfils!$G$19 -> 64.3 | O80: 0 | P80: 3229 | Q80: =VLOOKUP(S80,$T$2:$U$6,2) -> 44652 | R80: =+$B$3 -> 44713 | S80: 2 | T80: =ROUND((S80*U137*0.3)/12,2) -> 0 | U80: =+I80+L80+O80+P80 -> 3229
A81: GRE - Gestió Recaptació | B81: SER0064 | C81: Comptabilitat, deute tercers i operacions massives | D81: APP0730 | E81: SAP TRM Recaptació | F81: SAP TRM | G81: =+I81/H81 -> 795.43954 | H81: =Perfils!$G$7 -> 60.6 | I81: 48203.636 | J81: =+L81/K81 -> 1183.0081 | K81: =Perfils!$G$13 -> 61.12 | L81: 72305.454 | M81: =+O81/N81 -> 0 | N81: =Perfils!$G$19 -> 64.3 | O81: 0 | P81: 0 | Q81: =VLOOKUP(S81,$T$2:$U$6,2) -> 44593 | R81: =+$B$3 -> 44713 | S81: 5 | T81: =ROUND((S81*U138*0.3)/12,2) -> 0 | U81: =+I81+L81+O81+P81 -> 120509.09
A82: GRE - Gestió Recaptació | B82: SER0065 | C82: Cobraments, domiciliacions, passarel·la i IVR | D82: APP0496 | E82: Passarel pagament | F82: J2EE | G82: =+I82/H82 -> 118.81188 | H82: =Perfils!$G$7 -> 60.6 | I82: 7200 | J82: =+L82/K82 -> 176.70157 | K82: =Perfils!$G$13 -> 61.12 | L82: 10800 | M82: =+O82/N82 -> 0 | N82: =Perfils!$G$19 -> 64.3 | O82: 0 | P82: 0 | Q82: =VLOOKUP(S82,$T$2:$U$6,2) -> 44652 | R82: =+$B$3 -> 44713 | S82: 2 | T82: =ROUND((S82*U139*0.25)/12,2) -> 0 | U82: =+I82+L82+O82+P82 -> 18000
A83: GRE - Gestió Recaptació | B83: SER0065 | C83: Cobraments, domiciliacions, passarel·la i IVR | D83: APP0730 | E83: SAP TRM Recaptació | F83: SAP TRM | G83: =+I83/H83 -> 355.6963 | H83: =Perfils!$G$7 -> 60.6 | I83: 21555.196 | J83: =+L83/K83 -> 529.00514 | K83: =Perfils!$G$13 -> 61.12 | L83: 32332.794 | M83: =+O83/N83 -> 0 | N83: =Perfils!$G$19 -> 64.3 | O83: 0 | P83: 0 | Q83: =VLOOKUP(S83,$T$2:$U$6,2) -> 44593 | R83: =+$B$3 -> 44713 | S83: 5 | T83: =ROUND((S83*U140*0.3)/12,2) -> 0 | U83: =+I83+L83+O83+P83 -> 53887.99
A84: GRE - Gestió Recaptació | B84: SER0631 | C84: Fraccionaments i expedients de sol·licitud de fraccionament | D84: APP0730 | E84: SAP TRM Recaptació | F84: SAP TRM | G84: =+I84/H84 -> 99.744686 | H84: =Perfils!$G$7 -> 60.6 | I84: 6044.528 | J84: =+L84/K84 -> 148.34411 | K84: =Perfils!$G$13 -> 61.12 | L84: 9066.792 | M84: =+O84/N84 -> 0 | N84: =Perfils!$G$19 -> 64.3 | O84: 0 | P84: 0 | Q84: =VLOOKUP(S84,$T$2:$U$6,2) -> 44593 | R84: =+$B$3 -> 44713 | S84: 5 | T84: =ROUND((S84*U149*0.3)/12,2) -> 0 | U84: =+I84+L84+O84+P84 -> 15111.32
A85: GRE - Gestió Recaptació | B85: SER0631 | C85: Fraccionaments i expedients de sol·licitud de fraccionament | D85: APP0938 | E85: SAP TRM G. Expedients Sol·licituds | F85: SAP TRM | G85: =+I85/H85 -> 79.207921 | H85: =Perfils!$G$7 -> 60.6 | I85: 4800 | J85: =+L85/K85 -> 117.80105 | K85: =Perfils!$G$13 -> 61.12 | L85: 7200 | M85: =+O85/N85 -> 0 | N85: =Perfils!$G$19 -> 64.3 | O85: 0 | P85: 0 | Q85: =VLOOKUP(S85,$T$2:$U$6,2) -> 44593 | R85: =+$B$3 -> 44713 | S85: 5 | T85: =ROUND((S85*U150*0.3)/12,2) -> 0 | U85: =+I85+L85+O85+P85 -> 12000
A86: GRE - Gestió Recaptació | B86: SER0632 | C86: Devolucions i expedients de devolucions, no inclou complementàries | D86: APP0730 | E86: SAP TRM Recaptació | F86: SAP TRM | G86: =+I86/H86 -> 282.9062 | H86: =Perfils!$G$7 -> 60.6 | I86: 17144.116 | J86: =+L86/K86 -> 420.74892 | K86: =Perfils!$G$13 -> 61.12 | L86: 25716.174 | M86: =+O86/N86 -> 0 | N86: =Perfils!$G$19 -> 64.3 | O86: 0 | P86: 0 | Q86: =VLOOKUP(S86,$T$2:$U$6,2) -> 44593 | R86: =+$B$3 -> 44713 | S86: 5 | T86: =ROUND((S86*U150*0.3)/12,2) -> 0 | U86: =+I86+L86+O86+P86 -> 42860.29
A87: GRE - Gestió Recaptació | B87: SER0632 | C87: Devolucions i expedients de devolucions, no inclou complementàries | D87: APP0938 | E87: SAP TRM G. Expedients Sol·licituds | F87: SAP TRM | G87: =+I87/H87 -> 33.0033 | H87: =Perfils!$G$7 -> 60.6 | I87: 2000 | J87: =+L87/K87 -> 49.08377 | K87: =Perfils!$G$13 -> 61.12 | L87: 3000 | M87: =+O87/N87 -> 0 | N87: =Perfils!$G$19 -> 64.3 | O87: 0 | P87: 0 | Q87: =VLOOKUP(S87,$T$2:$U$6,2) -> 44621 | R87: =+$B$3 -> 44713 | S87: 3 | T87: =ROUND((S87*U151*0.25)/12,2) -> 0 | U87: =+I87+L87+O87+P87 -> 5000
A88: GRE - Gestió Recaptació | B88: SER0633 | C88: Suspensions/paralitzacions, concursal, inclòs expedient i certificats | D88: APP0723 | E88: Certificat de deute | F88: J2EE | G88: =+I88/H88 -> 33.0033 | H88: =Perfils!$G$7 -> 60.6 | I88: 2000 | J88: =+L88/K88 -> 49.08377 | K88: =Perfils!$G$13 -> 61.12 | L88: 3000 | M88: =+O88/N88 -> 0 | N88: =Perfils!$G$19 -> 64.3 | O88: 0 | P88: 0 | Q88: =VLOOKUP(S88,$T$2:$U$6,2) -> 44652 | R88: =+$B$3 -> 44713 | S88: 2 | T88: =ROUND((S88*U152*0.25)/12,2) -> 0 | U88: =+I88+L88+O88+P88 -> 5000
A89: GRE - Gestió Recaptació | B89: SER0633 | C89: Suspensions/paralitzacions, concursal, inclòs expedient i certificats | D89: APP0730 | E89: SAP TRM Recaptació | F89: SAP TRM | G89: =+I89/H89 -> 66.006601 | H89: =Perfils!$G$7 -> 60.6 | I89: 4000 | J89: =+L89/K89 -> 98.167539 | K89: =Perfils!$G$13 -> 61.12 | L89: 6000 | M89: =+O89/N89 -> 0 | N89: =Perfils!$G$19 -> 64.3 | O89: 0 | P89: 0 | Q89: =VLOOKUP(S89,$T$2:$U$6,2) -> 44593 | R89: =+$B$3 -> 44713 | S89: 5 | T89: =ROUND((S89*U153*0.3)/12,2) -> 0 | U89: =+I89+L89+O89+P89 -> 10000
A90: GRE - Gestió Recaptació | B90: SER0633 | C90: Suspensions/paralitzacions, concursal, inclòs expedient i certificats | D90: APP0938 | E90: SAP TRM G. Expedients Sol·licituds | F90: SAP TRM | G90: =+I90/H90 -> 67.039411 | H90: =Perfils!$G$7 -> 60.6 | I90: 4062.5883 | J90: =+L90/K90 -> 99.703574 | K90: =Perfils!$G$13 -> 61.12 | L90: 6093.8825 | M90: =+O90/N90 -> 0 | N90: =Perfils!$G$19 -> 64.3 | O90: 0 | P90: 0 | Q90: =VLOOKUP(S90,$T$2:$U$6,2) -> 44593 | R90: =+$B$3 -> 44713 | S90: 5 | T90: =ROUND((S90*U154*0.3)/12,2) -> 0 | U90: =+I90+L90+O90+P90 -> 10156.471
A91: GRE - Gestió Recaptació | B91: SER0634 | C91: Executiva i notificacions i expedients d'executiva, derivació responsabilitat i gestió activa | D91: APP0730 | E91: SAP TRM Recaptació | F91: SAP TRM | G91: =+I91/H91 -> 882.61142 | H91: =Perfils!$G$7 -> 60.6 | I91: 53486.252 | J91: =+L91/K91 -> 1312.6534 | K91: =Perfils!$G$13 -> 61.12 | L91: 80229.378 | M91: =+O91/N91 -> 0 | N91: =Perfils!$G$19 -> 64.3 | O91: 0 | P91: 0 | Q91: =VLOOKUP(S91,$T$2:$U$6,2) -> 44593 | R91: =+$B$3 -> 44713 | S91: 5 | T91: =ROUND((S91*U154*0.3)/12,2) -> 0 | U91: =+I91+L91+O91+P91 -> 133715.63
A92: GRE - Gestió Recaptació | B92: SER0634 | C92: Executiva i notificacions i expedients d'executiva, derivació responsabilitat i gestió activa | D92: APP0926 | E92: SAP TRM Expedients recaptació | F92: SAP TRM | G92: =+I92/H92 -> 205.26284 | H92: =Perfils!$G$7 -> 60.6 | I92: 12438.928 | J92: =+L92/K92 -> 305.27474 | K92: =Perfils!$G$13 -> 61.12 | L92: 18658.392 | M92: =+O92/N92 -> 0 | N92: =Perfils!$G$19 -> 64.3 | O92: 0 | P92: 0 | Q92: =VLOOKUP(S92,$T$2:$U$6,2) -> 44621 | R92: =+$B$3 -> 44713 | S92: 3 | T92: =ROUND((S92*U155*0.25)/12,2) -> 0 | U92: =+I92+L92+O92+P92 -> 31097.32
A93: GRE - Gestió Recaptació | B93: SER0635 | C93: Embargaments automàtics, CC, ATC, AEAT... i expedients d'embargaments | D93: APP0730 | E93: SAP TRM Recaptació | F93: SAP TRM | G93: =+I93/H93 -> 198.0198 | H93: =Perfils!$G$7 -> 60.6 | I93: 12000 | J93: =+L93/K93 -> 294.50262 | K93: =Perfils!$G$13 -> 61.12 | L93: 18000 | M93: =+O93/N93 -> 0 | N93: =Perfils!$G$19 -> 64.3 | O93: 0 | P93: 0 | Q93: =VLOOKUP(S93,$T$2:$U$6,2) -> 44593 | R93: =+$B$3 -> 44713 | S93: 5 | T93: =ROUND((S93*U156*0.3)/12,2) -> 0 | U93: =+I93+L93+O93+P93 -> 30000
A94: GRE - Gestió Recaptació | B94: SER0635 | C94: Embargaments automàtics, CC, ATC, AEAT... i expedients d'embargaments | D94: APP0926 | E94: SAP TRM Expedients recaptació | F94: SAP TRM | G94: =+I94/H94 -> 489.70832 | H94: =Perfils!$G$7 -> 60.6 | I94: 29676.324 | J94: =+L94/K94 -> 728.31293 | K94: =Perfils!$G$13 -> 61.12 | L94: 44514.486 | M94: =+O94/N94 -> 0 | N94: =Perfils!$G$19 -> 64.3 | O94: 0 | P94: 0 | Q94: =VLOOKUP(S94,$T$2:$U$6,2) -> 44621 | R94: =+$B$3 -> 44713 | S94: 3 | T94: =ROUND((S94*U157*0.25)/12,2) -> 0 | U94: =+I94+L94+O94+P94 -> 74190.81
A95: GRE - Gestió Recaptació | B95: SER0636 | C95: Baixes i expedients de baixes, fallits, baixa ofici, baixa prescripció | D95: APP0730 | E95: SAP TRM Recaptació | F95: SAP TRM | G95: =+I95/H95 -> 66.006601 | H95: =Perfils!$G$7 -> 60.6 | I95: 4000 | J95: =+L95/K95 -> 98.167539 | K95: =Perfils!$G$13 -> 61.12 | L95: 6000 | M95: =+O95/N95 -> 0 | N95: =Perfils!$G$19 -> 64.3 | O95: 0 | P95: 0 | Q95: =VLOOKUP(S95,$T$2:$U$6,2) -> 44593 | R95: =+$B$3 -> 44713 | S95: 5 | T95: =ROUND((S95*U158*0.3)/12,2) -> 0 | U95: =+I95+L95+O95+P95 -> 10000
A96: GRE - Gestió Recaptació | B96: SER0636 | C96: Baixes i expedients de baixes, fallits, baixa ofici, baixa prescripció | D96: APP0926 | E96: SAP TRM Expedients recaptació | F96: SAP TRM | G96: =+I96/H96 -> 29.049835 | H96: =Perfils!$G$7 -> 60.6 | I96: 1760.42 | J96: =+L96/K96 -> 43.204025 | K96: =Perfils!$G$13 -> 61.12 | L96: 2640.63 | M96: =+O96/N96 -> 0 | N96: =Perfils!$G$19 -> 64.3 | O96: 0 | P96: 0 | Q96: =VLOOKUP(S96,$T$2:$U$6,2) -> 44621 | R96: =+$B$3 -> 44713 | S96: 3 | T96: =ROUND((S96*U159*0.25)/12,2) -> 0 | U96: =+I96+L96+O96+P96 -> 4401.05
A97: GMU - Gestió Multes | B97: SER0068 | C97: Gestió Sancions | D97: APP0231 | E97: eConvenis | F97: J2EE | G97: =+I97/H97 -> 52.805281 | H97: =Perfils!$G$7 -> 60.6 | I97: 3200 | J97: =+L97/K97 -> 78.534031 | K97: =Perfils!$G$13 -> 61.12 | L97: 4800 | M97: =+O97/N97 -> 0 | N97: =Perfils!$G$19 -> 64.3 | O97: 0 | P97: 0 | Q97: =VLOOKUP(S97,$T$2:$U$6,2) -> 44652 | R97: =+$B$3 -> 44713 | S97: 2 | T97: =ROUND((S97*U142*0.25)/12,2) -> 0 | U97: =+I97+L97+O97+P97 -> 8000
A98: GMU - Gestió Multes | B98: SER0068 | C98: Gestió Sancions | D98: APP0245 | E98: eMultes | F98: J2EE | G98: =+I98/H98 -> 132.0132 | H98: =Perfils!$G$7 -> 60.6 | I98: 8000 | J98: =+L98/K98 -> 196.33508 | K98: =Perfils!$G$13 -> 61.12 | L98: 12000 | M98: =+O98/N98 -> 0 | N98: =Perfils!$G$19 -> 64.3 | O98: 0 | P98: 0 | Q98: =VLOOKUP(S98,$T$2:$U$6,2) -> 44652 | R98: =+$B$3 -> 44713 | S98: 2 | T98: =ROUND((S98*U143*0.25)/12,2) -> 0 | U98: =+I98+L98+O98+P98 -> 20000
A99: GMU - Gestió Multes | B99: SER0068 | C99: Gestió Sancions | D99: APP0406 | E99: Llistats descentralització (LESS) | F99: J2EE | G99: =+I99/H99 -> 66.006601 | H99: =Perfils!$G$7 -> 60.6 | I99: 4000 | J99: =+L99/K99 -> 98.167539 | K99: =Perfils!$G$13 -> 61.12 | L99: 6000 | M99: =+O99/N99 -> 0 | N99: =Perfils!$G$19 -> 64.3 | O99: 0 | P99: 0 | Q99: =VLOOKUP(S99,$T$2:$U$6,2) -> 44652 | R99: =+$B$3 -> 44713 | S99: 2 | T99: =ROUND((S99*U144*0.25)/12,2) -> 0 | U99: =+I99+L99+O99+P99 -> 10000
A100: GMU - Gestió Multes | B100: SER0068 | C100: Gestió Sancions | D100: APP0935 | E100: SAP TRM Sancions i recursos sancions | F100: SAP TRM | G100: =+I100/H100 -> 1490.2876 | H100: =Perfils!$G$7 -> 60.6 | I100: 90311.428 | J100: =+L100/K100 -> 2216.4127 | K100: =Perfils!$G$13 -> 61.12 | L100: 135467.14 | M100: =+O100/N100 -> 0 | N100: =Perfils!$G$19 -> 64.3 | O100: 0 | P100: 0 | Q100: =VLOOKUP(S100,$T$2:$U$6,2) -> 44593 | R100: =+$B$3 -> 44713 | S100: 4 | T100: =ROUND((S100*U145*0.25)/12,2) -> 0 | U100: =+I100+L100+O100+P100 -> 225778.57
A101: GMU - Gestió Multes | B101: SER0068 | C101: Gestió Sancions | D101: APP0958 | E101: MTO monitor | F101: J2EE | G101: =+I101/H101 -> 79.207921 | H101: =Perfils!$G$7 -> 60.6 | I101: 4800 | J101: =+L101/K101 -> 117.80105 | K101: =Perfils!$G$13 -> 61.12 | L101: 7200 | M101: =+O101/N101 -> 0 | N101: =Perfils!$G$19 -> 64.3 | O101: 0 | P101: 0 | Q101: =VLOOKUP(S101,$T$2:$U$6,2) -> 44652 | R101: =+$B$3 -> 44713 | S101: 2 | T101: =ROUND((S101*U146*0.25)/12,2) -> 0 | U101: =+I101+L101+O101+P101 -> 12000
A102: GMU - Gestió Multes | B102: SER0069 | C102: Arxiu d'imatges digitalitzades | D102: APP0397 | E102: Invesdoc | F102: - | G102: =+I102/H102 -> 0 | H102: =Perfils!$G$7 -> 60.6 | I102: 0 | J102: =+L102/K102 -> 0 | K102: =Perfils!$G$13 -> 61.12 | L102: 0 | M102: =+O102/N102 -> 0 | N102: =Perfils!$G$19 -> 64.3 | O102: 0 | P102: 7000 | Q102: =VLOOKUP(S102,$T$2:$U$6,2) -> 44652 | R102: =+$B$3 -> 44713 | S102: 2 | T102: =ROUND((S102*U147*0.25)/12,2) -> 0 | U102: =+I102+L102+O102+P102 -> 7000
A103: GMU - Gestió Multes | B103: SER0470 | C103: Suport SAU a eConvenis, ePadrons, eMultes i eNotificacions | D103: APP0907 | E103: SAU IMH | F103: - | G103: =+I103/H103 -> 0 | H103: =Perfils!$G$7 -> 60.6 | I103: 0 | J103: =+L103/K103 -> 0 | K103: =Perfils!$G$13 -> 61.12 | L103: 0 | M103: 0 | N103: =Perfils!$G$19 -> 64.3 | O103: 90000 | P103: 0 | Q103: =VLOOKUP(S103,$T$2:$U$6,2) -> 44652 | R103: =+$B$3 -> 44713 | S103: 2 | T103: =ROUND((S103*U148*0.25)/12,2) -> 0 | U103: =+I103+L103+O103+P103 -> 90000
A104: GMU - Gestió Multes | B104: SER0637 | C104: Gestió Recursos de Sancions | D104: APP0935 | E104: SAP TRM Sancions i recursos sancions | F104: SAP TRM | G104: =+I104/H104 -> 1023.1023 | H104: =Perfils!$G$7 -> 60.6 | I104: 62000 | J104: =+L104/K104 -> 1521.5969 | K104: =Perfils!$G$13 -> 61.12 | L104: 93000 | M104: =+O104/N104 -> 0 | N104: =Perfils!$G$19 -> 64.3 | O104: 0 | P104: 0 | Q104: =VLOOKUP(S104,$T$2:$U$6,2) -> 44593 | R104: =+$B$3 -> 44713 | S104: 4 | T104: =ROUND((S104*U160*0.25)/12,2) -> 0 | U104: =+I104+L104+O104+P104 -> 155000
A105: GEX - Gestió Expedients | B105: SER0063 | C105: Contribuents, unificació, traspàs de deute i BIs de captació i expedients de cancel·lació i modificació | D105: APP0730 | E105: SAP TRM Recaptació | F105: SAP TRM | G105: =+I105/H105 -> 132.0132 | H105: =Perfils!$G$7 -> 60.6 | I105: 8000 | J105: =+L105/K105 -> 196.33508 | K105: =Perfils!$G$13 -> 61.12 | L105: 12000 | M105: =+O105/N105 -> 0 | N105: =Perfils!$G$19 -> 64.3 | O105: 0 | P105: 0 | Q105: =VLOOKUP(S105,$T$2:$U$6,2) -> 44652 | R105: =+$B$3 -> 44713 | S105: 2 | T105: =ROUND((S105*U134*0.25)/12,2) -> 0 | U105: =+I105+L105+O105+P105 -> 20000
A106: GEX - Gestió Expedients | B106: SER0063 | C106: Contribuents, unificació, traspàs de deute i BIs de captació i expedients de cancel·lació i modificació | D106: APP0731 | E106: SAP TRM Contribuents | F106: SAP TRM | G106: =+I106/H106 -> 660.06601 | H106: =Perfils!$G$7 -> 60.6 | I106: 40000 | J106: =+L106/K106 -> 981.67539 | K106: =Perfils!$G$13 -> 61.12 | L106: 60000 | M106: =+O106/N106 -> 0 | N106: =Perfils!$G$19 -> 64.3 | O106: 0 | P106: 0 | Q106: =VLOOKUP(S106,$T$2:$U$6,2) -> 44652 | R106: =+$B$3 -> 44713 | S106: 2 | T106: =ROUND((S106*U135*0.25)/12,2) -> 0 | U106: =+I106+L106+O106+P106 -> 100000
A107: GEX - Gestió Expedients | B107: SER0063 | C107: Contribuents, unificació, traspàs de deute i BIs de captació i expedients de cancel·lació i modificació | D107: APP0938 | E107: SAP TRM G. Expedients Sol·licituds | F107: SAP TRM | G107: =+I107/H107 -> 165.0165 | H107: =Perfils!$G$7 -> 60.6 | I107: 10000 | J107: =+L107/K107 -> 245.41885 | K107: =Perfils!$G$13 -> 61.12 | L107: 15000 | M107: =+O107/N107 -> 0 | N107: =Perfils!$G$19 -> 64.3 | O107: 0 | P107: 0 | Q107: =VLOOKUP(S107,$T$2:$U$6,2) -> 44621 | R107: =+$B$3 -> 44713 | S107: 3 | T107: =ROUND((S107*U136*0.25)/12,2) -> 0 | U107: =+I107+L107+O107+P107 -> 25000
A108: GEX - Gestió Expedients | B108: SER0638 | C108: Expedients de Recursos de tributs | D108: APP0936 | E108: SAP TRM G. Expedients Recursos tributs | F108: SAP TRM | G108: =+I108/H108 -> 825.08251 | H108: =Perfils!$G$7 -> 60.6 | I108: 50000 | J108: =+L108/K108 -> 1227.0942 | K108: =Perfils!$G$13 -> 61.12 | L108: 75000 | M108: =+O108/N108 -> 0 | N108: =Perfils!$G$19 -> 64.3 | O108: 0 | P108: 0 | Q108: =VLOOKUP(S108,$T$2:$U$6,2) -> 44652 | R108: =+$B$3 -> 44713 | S108: 2 | T108: =ROUND((S108*U161*0.25)/12,2) -> 0 | U108: =+I108+L108+O108+P108 -> 125000
A109: GEX - Gestió Expedients | B109: SER0659 | C109: Expedients de gestió Tributària | D109: APP0927 | E109: SAP TRM G.Expedients Cadastre | F109: SAP TRM | G109: =+I109/H109 -> 363.0363 | H109: =Perfils!$G$7 -> 60.6 | I109: 22000 | J109: =+L109/K109 -> 539.92147 | K109: =Perfils!$G$13 -> 61.12 | L109: 33000 | M109: =+O109/N109 -> 0 | N109: =Perfils!$G$19 -> 64.3 | O109: 0 | P109: 0 | Q109: =VLOOKUP(S109,$T$2:$U$6,2) -> 44652 | R109: =+$B$3 -> 44713 | S109: 2 | T109: =ROUND((S109*U164*0.25)/12,2) -> 0 | U109: =+I109+L109+O109+P109 -> 55000
A110: GEX - Gestió Expedients | B110: SER0659 | C110: Expedients de gestió Tributària | D110: APP0928 | E110: SAP TRM G. Expedients IAE | F110: SAP TRM | G110: =+I110/H110 -> 165.0165 | H110: =Perfils!$G$7 -> 60.6 | I110: 10000 | J110: =+L110/K110 -> 245.41885 | K110: =Perfils!$G$13 -> 61.12 | L110: 15000 | M110: =+O110/N110 -> 0 | N110: =Perfils!$G$19 -> 64.3 | O110: 0 | P110: 0 | Q110: =VLOOKUP(S110,$T$2:$U$6,2) -> 44652 | R110: =+$B$3 -> 44713 | S110: 2 | T110: =ROUND((S110*U165*0.25)/12,2) -> 0 | U110: =+I110+L110+O110+P110 -> 25000
A111: GEX - Gestió Expedients | B111: SER0659 | C111: Expedients de gestió Tributària | D111: APP0930 | E111: SAP TRM G. Expedients Residus | F111: SAP TRM | G111: =+I111/H111 -> 165.0165 | H111: =Perfils!$G$7 -> 60.6 | I111: 10000 | J111: =+L111/K111 -> 245.41885 | K111: =Perfils!$G$13 -> 61.12 | L111: 15000 | M111: =+O111/N111 -> 0 | N111: =Perfils!$G$19 -> 64.3 | O111: 0 | P111: 0 | Q111: =VLOOKUP(S111,$T$2:$U$6,2) -> 44652 | R111: =+$B$3 -> 44713 | S111: 2 | T111: =ROUND((S111*U166*0.25)/12,2) -> 0 | U111: =+I111+L111+O111+P111 -> 25000
A112: GEX - Gestió Expedients | B112: SER0659 | C112: Expedients de gestió Tributària | D112: APP0931 | E112: SAP TRM G.Expedients Vehicles | F112: SAP TRM | G112: =+I112/H112 -> 165.0165 | H112: =Perfils!$G$7 -> 60.6 | I112: 10000 | J112: =+L112/K112 -> 245.41885 | K112: =Perfils!$G$13 -> 61.12 | L112: 15000 | M112: =+O112/N112 -> 0 | N112: =Perfils!$G$19 -> 64.3 | O112: 0 | P112: 0 | Q112: =VLOOKUP(S112,$T$2:$U$6,2) -> 44652 | R112: =+$B$3 -> 44713 | S112: 2 | T112: =ROUND((S112*U167*0.25)/12,2) -> 0 | U112: =+I112+L112+O112+P112 -> 25000
A113: GEX - Gestió Expedients | B113: SER0661 | C113: Expedients de Sol·licituds de beneficis fiscals | D113: APP0938 | E113: SAP TRM G. Expedients Sol·licituds | F113: SAP TRM | G113: =+I113/H113 -> 363.0363 | H113: =Perfils!$G$7 -> 60.6 | I113: 22000 | J113: =+L113/K113 -> 539.92147 | K113: =Perfils!$G$13 -> 61.12 | L113: 33000 | M113: =+O113/N113 -> 0 | N113: =Perfils!$G$19 -> 64.3 | O113: 0 | P113: 0 | Q113: =VLOOKUP(S113,$T$2:$U$6,2) -> 44652 | R113: =+$B$3 -> 44713 | S113: 2 | T113: =ROUND((S113*U168*0.25)/12,2) -> 0 | U113: =+I113+L113+O113+P113 -> 55000
A114: - | B114: SER9999 | C114: Genèric | D114: APP9999 | E114: Genèric | F114: - | G114: =+I114/H114 -> 0 | H114: =Perfils!$G$7 -> 60.6 | J114: =+L114/K114 -> 0 | K114: =Perfils!$G$13 -> 61.12 | L114: 0 | M114: =+O114/N114 -> 6792.2512 | N114: =Perfils!$G$19 -> 64.3 | O114: 436741.75 | P114: 0 | Q114: =VLOOKUP(S114,$T$2:$U$6,2) -> 44652 | R114: =+$B$3 -> 44713 | S114: 2 | T114: 3110.62 | U114: =+I114+L114+O114+P114 -> 436741.75
B115: Total | G115: =SUM(G68:G114) -> 15164.187 | I115: =SUM(I68:I114) -> 918949.71 | J115: =SUM(J68:J114) -> 22552.758 | L115: =SUM(L68:L114) -> 1378424.6 | M115: =SUM(M68:M114) -> 6792.2512 | O115: =SUM(O68:O114) -> 526741.75 | P115: =SUM(P68:P114) -> 10229 | T115: =SUM(T68:T114) -> 3110.62 | U115: =SUM(U68:U114) -> 2834345
E117: FTE | G117: =(G115/$E$66/8)/20 -> 7.8980139 | J117: =(J115/$E$66/8)/20 -> 11.746228 | M117: =(M115/$E$66/8)/20 -> 3.5376308 | N117: (sense SAU)

Sheet Perfils
B2: Servei plec | C2: Perfil | D2: % dedicació | E2: Preu perfil IVA inclòs | F2: Preu perfil IVA exclòs | G2: Preu / hora /perfil IVA inclòs
B3: Manteniment correctiu | C3: Responsable de contracte (Coordinador/a del contracte / Cap de projecte) | D3: 0.05 | E3: =+D27 -> 77.28 | F3: =+E27 -> 63.87 | G3: =E3*D3 -> 3.864
C4: Consultor/a sènior SAP | D4: 0.7 | E4: =+D26 -> 64.15 | F4: =+E26 -> 53.02 | G4: =E4*D4 -> 44.905
C5: Analista programador/a SAP | D5: 0.2 | E5: =+D25 -> 48.25 | F5: =+E25 -> 39.88 | G5: =E5*D5 -> 9.65
C6: Analista programador/a J2EE | D6: 0.05 | E6: =+D24 -> 43.58 | F6: =+E24 -> 36.02 | G6: =E6*D6 -> 2.179
C7: Preu perfil tipus | G7: =ROUND(SUM(G3:G6),2) -> 60.6 | H7: =SUM(D3:D6) -> 1
B8: Manteniment recurrent | C8: Responsable de contracte (Coordinador/a del contracte / Cap de projecte) | D8: 0.15 | E8: =+D27 -> 77.28 | F8: =+E27 -> 63.87 | G8: =E8*D8 -> 11.592
C9: Consultor/a sènior SAP | D9: 0.5 | E9: =+D26 -> 64.15 | F9: =+E26 -> 53.02 | G9: =E9*D9 -> 32.075
C10: Analista programador/a SAP | D10: 0.25 | E10: =+D25 -> 48.25 | F10: =+E25 -> 39.88 | G10: =E10*D10 -> 12.0625
C11: Arquitecte/a / Responsable tècnic/a de seguretat | D11: 0.05 | E11: =+D26 -> 64.15 | F11: =+E26 -> 53.02 | G11: =E11*D11 -> 3.2075
C12: Analista programador/a J2EE | D12: 0.05 | E12: =+D24 -> 43.58 | F12: =+E24 -> 36.02 | G12: =E12*D12 -> 2.179
C13: Preu perfil tipus | G13: =ROUND(SUM(G8:G12),2) -> 61.12 | H13: =SUM(D8:D12) -> 1
B14: Serveis Transversals de Manteniment | C14: Responsable de contracte (Coordinador/a del contracte / Cap de projecte) | D14: 0.15 | E14: =+D27 -> 77.28 | F14: =+E27 -> 63.87 | G14: =E14*D14 -> 11.592
C15: Consultor/a sènior SAP | D15: 0.65 | E15: =+D26 -> 64.15 | F15: =+E26 -> 53.02 | G15: =E15*D15 -> 41.6975
C16: Analista programador/a SAP | D16: 0.05 | E16: =+D25 -> 48.25 | F16: =+E25 -> 39.88 | G16: =E16*D16 -> 2.4125
C17: Arquitecte/a / Responsable tècnic/a de seguretat | D17: 0.1 | E17: =+D26 -> 64.15 | F17: =+E26 -> 53.02 | G17: =E17*D17 -> 6.415
C18: Analista programador/a J2EE | D18: 0.05 | E18: =+D24 -> 43.58 | F18: =+E24 -> 36.02 | G18: =E18*D18 -> 2.179
C19: Preu perfil tipus | G19: =ROUND(SUM(G14:G18),2) -> 64.3 | H19: =SUM(D14:D18) -> 1
D23: Import €/hora amb IVA | E23: Preu/hora IVA exclòs
C24: Analista programador/a J2EE | D24: =+ROUND(E24*1.21,2) -> 43.58 | E24: 36.02
C25: Analista programador/a SAP | D25: =+ROUND(E25*1.21,2) -> 48.25 | E25: 39.88
C26: Consultor/a sènior SAP / Arquitecte | D26: =+ROUND(E26*1.21,2) -> 64.15 | E26: 53.02
C27: Responsable de contracte | D27: =+ROUND(E27*1.21,2) -> 77.28 | E27: 63.87

Sheet Taules IJ
A2: Distribució de pressupost per any i per servei
B4: 2022 | E4: 2023 | H4: 2024
A5: Serveis | B5: Import net | C5: IVA 21% | D5: Import total | E5: Import net | F5: IVA 21% | G5: Import total | H5: Import net | I5: IVA 21% | J5: Import total | K5: Total import net | L5: Total IVA 21% | M5: Total import contracte
A6: Manteniment correctiu | B6: =ROUND('Càlcul pressupost '!G6/1.21,2) -> 503701.19 | C6: =ROUND(B6*0.21,2)+0.01 -> 105777.26 | D6: =+B6+C6 -> 609478.45 | E6: =ROUND('Càlcul pressupost '!H6/1.21,2) -> 759462.57 | F6: =ROUND(E6*0.21,2) -> 159487.14 | G6: =+E6+F6 -> 918949.71 | H6: =ROUND('Càlcul pressupost '!I6/1.21,2) -> 759462.57 | I6: =ROUND(H6*0.21,2) -> 159487.14 | J6: =+H6+I6 -> 918949.71 | K6: =+B6+E6+H6 -> 2022626.3 | L6: =+C6+F6+I6 -> 424751.54 | M6: =+D6+G6+J6 -> 2447377.9
A7: Manteniment recurrent | B7: =ROUND('Càlcul pressupost '!G7/1.21,2) -> 900716.11 | C7: =ROUND(B7*0.21,2) -> 189150.38 | D7: =+B7+C7 -> 1089866.5 | E7: =ROUND('Càlcul pressupost '!H7/1.21,2) -> 1139193.9 | F7: =ROUND(E7*0.21,2) -> 239230.71 | G7: =+E7+F7 -> 1378424.6 | H7: =ROUND('Càlcul pressupost '!I7/1.21,2) -> 1139193.9 | I7: =ROUND(H7*0.21,2) -> 239230.71 | J7: =+H7+I7 -> 1378424.6 | K7: =+B7+E7+H7 -> 3179103.8 | L7: =+C7+F7+I7 -> 667611.8 | M7: =+D7+G7+J7 -> 3846715.6
A8: Serveis Transversals de Manteniment | B8: =ROUND('Càlcul pressupost '!G8/1.21,2) -> 282778.4 | C8: =ROUND(B8*0.21,2) -> 59383.46 | D8: =+B8+C8 -> 342161.86 | E8: =ROUND('Càlcul pressupost '!H8/1.21,2) -> 443777.48 | F8: =ROUND(E8*0.21,2) -> 93193.27 | G8: =+E8+F8 -> 536970.75 | H8: =ROUND('Càlcul pressupost '!I8/1.21,2) -> 443777.48 | I8: =ROUND(H8*0.21,2) -> 93193.27 | J8: =+H8+I8 -> 536970.75 | K8: =+B8+E8+H8 -> 1170333.4 | L8: =+C8+F8+I8 -> 245770 | M8: =+D8+G8+J8 -> 1416103.4
A9: - Llicències | B9: =ROUND('Càlcul pressupost '!G9/1.21,2) -> 0 | C9: =ROUND(B9*0.21,2) -> 0 | D9: =+B9+C9 -> 0 | E9: =ROUND('Càlcul pressupost '!H9/1.21,2) -> 8453.72 | F9: =ROUND(E9*0.21,2) -> 1775.28 | G9: =+E9+F9 -> 10229 | H9: =ROUND('Càlcul pressupost '!I9/1.21,2) -> 8453.72 | I9: =ROUND(H9*0.21,2) -> 1775.28 | J9: =+H9+I9 -> 10229 | K9: =+B9+E9+H9 -> 16907.44 | L9: =+C9+F9+I9 -> 3550.56 | M9: =+D9+G9+J9 -> 20458
B10: =SUM(B6:B9) -> 1687195.7 | C10: =SUM(C6:C9) -> 354311.1 | D10: =SUM(D6:D9) -> 2041506.8 | E10: =SUM(E6:E8) -> 2342433.9 | F10: =SUM(F6:F8) -> 491911.12 | G10: =SUM(G6:G8) -> 2834345 | H10: =SUM(H6:H8) -> 2342433.9 | I10: =SUM(I6:I8) -> 491911.12 | J10: =SUM(J6:J8) -> 2834345 | K10: =SUM(K6:K8) -> 6372063.5 | L10: =SUM(L6:L8) -> 1338133.3 | M10: =SUM(M6:M8) -> 7710196.9
A12: Distribució de pressupost per any
A14: TOTAL
A15: Any | B15: Pressupost net | C15: IVA | D15: Import total
A16: 2022 | B16: =+B10 -> 1687195.7 | C16: =+C10 -> 354311.1 | D16: =+B16+C16 -> 2041506.8 | E16: (*) L'import total de l'IVA correspon al sumatori dels imports individuals detallats a la taula anterior (fila 10, columnes C, F, I, L) i no a l'aplicació directa de l'IVA actual del 21% sobre el pressupost net totalitzat (files 16 a 19 columna B).
A17: 2023 | B17: =+E10 -> 2342433.9 | C17: =+F10 -> 491911.12 | D17: =+G10 -> 2834345
A18: 2024 | B18: =+H10 -> 2342433.9 | C18: =+I10 -> 491911.12 | D18: =+J10 -> 2834345
A19: Total | B19: =SUM(B16:B18) -> 6372063.5 | C19: =SUM(C16:C18) -> 1338133.3 | D19: =SUM(D16:D18) -> 7710196.9
D20: =+B19*1.21 -> 7710196.9
A23: Modificacions de contracte: ampliació / disminució
A24: Causes previstes de modificació | B24: Import contracte (IVA inclòs) | C24: % Ampliació sobre import del contracte | D24: Import màxim ampliació (amb IVA) | E24: % Disminució sobre import del contracte | F24: Import màxim disminució (amb IVA)
A25: Modificacions per augment o disminució de volumetries en Serveis/Aplicacions | B25: =$D$19 -> 7710196.9 | C25: 0.2 | D25: =+ROUND(B25*C25,2) -> 1542039.4 | E25: 0.2 | F25: =+ROUND(B25*E25,2) -> 1542039.4
A26: TOTAL | B26: =SUM(B25:B25) -> 7710196.9 | C26: =SUM(C25:C25) -> 0.2 | D26: =SUM(D25:D25) -> 1542039.4 | E26: =SUM(E25:E25) -> 0.2 | F26: =SUM(F25:F25) -> 1542039.4
D27: =+ROUND(D26/1.21,2) -> 1274412.7 | F27: =+ROUND(F26/1.21,2) -> 1274412.7
D28: IVA EXCLÒS | F28: IVA EXCLÒS
A29: VEC
B31: VE prestació | C31: VE eventuals pròrrogues | D31: VE modificacions contracte amb increment de cost previstes | E31: VE modificacions contracte amb disminució de cost previstes | F31: SUMA
A32: 2022 | B32: =+B16 -> 1687195.7 | D32: =ROUND(G32/$G$37*$D$27,2)+0.01 -> 194464.78 | E32: =ROUND(-G32/$G$37*$F$27,2)-0.01 -> -194464.78 | F32: =SUM(B32:D32) -> 1881660.5 | G32: =+B32+C32 -> 1687195.7
A33: 2023 | B33: =+B17 -> 2342433.9 | D33: =ROUND(G33/$G$37*$D$27,2) -> 269986.98 | E33: =ROUND(-G33/$G$37*$F$27,2) -> -269986.98 | F33: =SUM(B33:D33) -> 2612420.9 | G33: =+B33+C33 -> 2342433.9
A34: 2024 | B34: =+B18 -> 2342433.9 | D34: =ROUND(G34/$G$37*$D$27,2) -> 269986.98 | E34: =ROUND(-G34/$G$37*$F$27,2) -> -269986.98 | F34: =SUM(B34:D34) -> 2612420.9 | G34: =+B34+C34 -> 2342433.9
A35: 2025 | C35: =+B34-B35 -> 2342433.9 | D35: =ROUND(G35/$G$37*$D$27,2) -> 269986.98 | E35: =ROUND(-G35/$G$37*$F$27,2) -> -269986.98 | F35: =SUM(B35:D35) -> 2612420.9 | G35: =+B35+C35 -> 2342433.9
A36: 2026 | C36: =+B34 -> 2342433.9 | D36: =ROUND(G36/$G$37*$D$27,2) -> 269986.98 | E36: =ROUND(-G36/$G$37*$F$27,2) -> -269986.98 | F36: =SUM(B36:D36) -> 2612420.9 | G36: =+B36+C36 -> 2342433.9
A37: Total | B37: =SUM(B32:B36) -> 6372063.5 | C37: =SUM(C32:C36) -> 4684867.8 | D37: =SUM(D32:D36) -> 1274412.7 | E37: =SUM(E32:E36) -> -1274412.7 | F37: =SUM(B37:D37) -> 12331344 | G37: =SUM(G32:G36) -> 11056931
A42: VEC | B42: Marges possibles solvènvia
A43: =+F37 -> 12331344 | B43: Solvència económica | D43: Solvència tècnica
A44: Anys de contracte | B44: ACONSELLABLE | C44: MÀXIM | D44: MÍNIM | E44: MÀXIM
A45: 5 | B45: =+C45/A45 -> 3699403.2 | C45: =1.5*A43 -> 18497016 | D45: =ROUND(A43*2/3/A45,2) -> 1644179.2 | E45: =+C45 -> 18497016
B46: 1,5 x VEC / anys de contracte | C46: 1,5 x VEC | D46: 2/3 VEC / anys de contracte | E46: 1,5 x VEC

Sheet Costos Indirectes
A2: CÀLCUL COSTOS DIRECTES I INDIRECTES PEL PROJECTE
C4: Preu IVA exclòs | D4: Benefici Industrial (20%) | E4: Cost Total | F4: Cost Indirecte (8%) | G4: Suma costos Indirectes | H4: Cost personal | I4: Seguretat Social (34%) | J4: Salari Brut | K4: Suma costos directes
C5: ='Taules IJ'!B19 -> 6372063.5 | D5: =ROUND(C5*0.2, 2) -> 1274412.7 | E5: =ROUND(C5-D5, 2) -> 5097650.8 | F5: =ROUND(E5*0.08, 2) -> 407812.07 | G5: =ROUND(D5+F5, 2) -> 1682224.8 | H5: =ROUND(E5-F5, 2) -> 4689838.8 | I5: =ROUND(H5*(0.34/1.34), 2) -> 1189959.1 | J5: =ROUND(H5-I5, 2) -> 3499879.7 | K5: =+H5 -> 4689838.8
C7: Costos directes:
C8: Costos salarials - Salari Brut | D8: =J5 -> 3499879.7
C9: Costos salarials - Seguretat Social (34%) | D9: =I5 -> 1189959.1
C10: TOTAL (Suma costos directes) | D10: =+K5 -> 4689838.8
C12: Costos indirectes:
C13: Despeses generals d’estructura (8%) | D13: =F5 -> 407812.07
C14: Benefici industrial (20%) | D14: =D5 -> 1274412.7
C15: TOTAL (Suma costos indirectes) | D15: =G5 -> 1682224.8
C17: TOTAL DE COSTOS (directes + indirectes): | D17: =D10+D15 -> 6372063.5

Sheet Taula LOT-SERV-APP
A1: Contracte | B1: Servei | C1: Aplicació | D1: Lot X | E1: 2 lots!!
A2: G0389 | B2: SER0044 | C2: APP0860-SAP Subvencions | D2: 2
A3: G0389 | B3: SER0044 | C3: APP0861-SAP Convenis | D3: 2
A4: G0389 | B4: SER0044 | C4: APP0943-Expedient bustia etica | D4: 2
A5: G0389 | B5: SER0412 | C5: APP0867-Recepció factura electrònica | D5: 2
A6: G0389 | B6: SER0412 | C6: APP0864-Emissio factura electrònica | D6: 2
A7: G0389 | B7: SER0411 | C7: APP0866-FENS | D7: 2
A8: G0389 | B8: SER0474 | C8: APP0896-Gestió de bestretes | D8: 2
A9: G0389 | B9: SER0473 | C9: APP0895-Expedients economics(core) | D9: 2
A10: G0389 | B10: SER0038 | C10: APP0150-Compres | D10: 2
A11: G0389 | B11: SER0474 | C11: APP0898-Autorització de viatges | D11: 2
A13: G0389 | B13: SER0031 | C13: APP0176-COPERNICO | D13: 1
A14: G0389 | B14: SER0031 | C14: APP0719-Digitalització actes del plenari | D14: 1
... A34: G0074 | B34: SER0150 | C34: APP0071-Autorització comissió de servei | D34: 1
A36: Quden fora d'abast:
A37: GR | B37: SER0028 | C37: APP0360-Inmagic | D37: No | E37: Producte
A38: GR | B38: SER0028 | C38: APP0859-Unicorn-hyperion | D38: No
A39: GR | B39: SER0028 | C39: APP0868-Albala | D39: No
A40: GR | B40: SER0044 | C40: APP0262-eSubvencions | D40: No | E40: Contrato a parte
A41: GR | B41: Governança de serveis i projectes | D41: No
A42: GR | B42: Governança de gestió d'actius | D42: No
A43: GR | B43: Bustia etica | D43: No
A45: G0026 | B45: SER0028 | C45: APP0858-BCNROC | D45: No | E45: Producte
A46: G0024 | B46: SER0204 | C46: APP0862-Gestió Actius | D46: No
A47: G0004 | B47: SER0032 | C47: APP0373-INFOLEX | D47: No | E47: Producte
A48: G0004 | B48: SER0032 | C48: APP0865-Infolex de consulta | D48: No | E48: Producte
A49: G0018 | B49: SER0046 | C49: APP0169-Consums energetics | D49: No
A50: G0018 | B50: SER0047 | C50: APP0421-Manteniment Edificis | D50: No
A51: ? | C51: BKM | D51: No | E51: Producte
A52: Mediacloud | B52: SER0031 | C52: APP0478-Organismes Municipals | D52: No

Sheet Taula Estimació de dades
A1: LOT 2
A2: Contracte | B2: Servei | C2: Aplicació | D2: h Manteniment correctiu | E2: Preu/hora | F2: € Manteniment correctiu | G2: h Manteniment recurrent | H2: Preu/hora | I2: € Manteniment recurrent | J2: h OT | K2: Preu/hora | L2: € OT | M2: DATA INICI NOUS SERVEIS
A3: G0389 | B3: SER0044 | C3: APP0860-SAP Subvencions | D3: 75.29 | E3: 53.57 | F3: =D3*E3 -> 4033.2853 | G3: 570 | H3: 53.57 | I3: =G3*H3 -> 30534.9 | J3: 96.7935 | K3: 57.5 | L3: =J3*K3 -> 5565.6263
A4: G0389 | B4: SER0044 | C4: APP0861-SAP Convenis | D4: 288.60029 | E4: 53.57 | F4: =D4*E4 -> 15460.317 | G4: 577.20058 | H4: 53.57 | I4: =G4*H4 -> 30920.635 | J4: 129.87013 | K4: 57.5 | L4: =J4*K4 -> 7467.5325
A5: G0389 | B5: SER0044 | C5: APP0943-Expedient bustia etica | D5: 29.106349 | E5: 53.57 | F5: =D5*E5 -> 1559.2271 | G5: 89.798846 | H5: 53.57 | I5: =G5*H5 -> 4810.5242 | J5: 17.835779 | K5: 57.5 | L5: =J5*K5 -> 1025.5573
A6: G0389 | B6: SER0412 | C6: APP0867-Recepció factura electrònica | D6: 200 | E6: 53.57 | F6: =D6*E6 -> 10714 | G6: 220 | H6: 53.57 | I6: =G6*H6 -> 11785.4 | J6: 63 | K6: 57.5 | L6: =J6*K6 -> 3622.5
A7: G0389 | B7: SER0412 | C7: APP0864-Emissio factura electrònica | D7: 36.492063 | E7: 53.57 | F7: =D7*E7 -> 1954.8798 | G7: 72.984127 | H7: 53.57 | I7: =G7*H7 -> 3909.7597 | J7: 16.421429 | K7: 57.5 | L7: =J7*K7 -> 944.23214
A8: G0389 | B8: SER0411 | C8: APP0866-FENS | D8: 20 | E8: 53.57 | F8: =D8*E8 -> 1071.4 | G8: 85 | H8: 53.57 | I8: =G8*H8 -> 4553.45 | J8: 15.75 | K8: 57.5 | L8: =J8*K8 -> 905.625
A9: G0389 | B9: SER0474 | C9: APP0896-Gestió de bestretes | D9: 103.671 | E9: 53.57 | F9: =D9*E9 -> 5553.6552 | G9: 434.23719 | H9: 53.57 | I9: =G9*H9 -> 23262.086 | J9: 80.686227 | K9: 57.5 | L9: =J9*K9 -> 4639.4581
A10: G0389 | B10: SER0473 | C10: APP0895-Expedients economics(core) | D10: 0 | E10: 53.57 | F10: =D10*E10 -> 0 | G10: 202.4 | H10: 53.57 | I10: =G10*H10 -> 10842.568 | J10: 30.36 | K10: 57.5 | L10: =J10*K10 -> 1745.7
A11: G0389 | B11: SER0038 | C11: APP0150-Compres | D11: 0 | E11: 53.57 | F11: =D11*E11 -> 0 | G11: 159.03 | H11: 53.57 | I11: =G11*H11 -> 8519.2371 | J11: 23.8545 | K11: 57.5 | L11: =J11*K11 -> 1371.6337 | N11: Varia de molt poc
A12: G0389 | B12: SER0474 | C12: APP0898-Autorització de viatges | D12: 0 | E12: 53.57 | F12: =D12*E12 -> 0 | G12: 0 | H12: 53.57 | I12: =G12*H12 -> 0 | J12: 0 | K12: 57.5 | L12: =J12*K12 -> 0
A13: GR | B13: SER0044 | C13: APP0262-eSubvencions | D13: 288.60029 | E13: 53.57 | F13: =D13*E13 -> 15460.317 | G13: 649.35065 | H13: 53.57 | I13: =G13*H13 -> 34785.714 | J13: 140.69264 | K13: 57.5 | L13: =J13*K13 -> 8089.8268 | M13: 43466
D14: =SUM(D3:D13) -> 1041.76 | F14: =SUM(F3:F13) -> 55807.082 | G14: =SUM(G3:G13) -> 3060.0014 | I14: =SUM(I3:I13) -> 163924.27 | J14: =SUM(J3:J13) -> 615.26421 | L14: =SUM(L3:L13) -> 35377.692
A16: A partir de 16/05/2018
A17: Contracte | B17: Servei | C17: Aplicació | D17: h Manteniment correctiu | E17: h A partir 16/05/2018 | F17: Preu/hora | G17: € Manteniment correctiu | H17: h Manteniment recurrent | I17: h A partir 16/05/2018 | J17: Preu/hora | K17: € Manteniment recurrent | L17: h OT | M17: h A partir 16/05/2018 | N17: Preu/hora | O17: € OT | P17: DATA INICI NOUS SERVEIS
A18: G0389 | B18: SER0044 | C18: APP0860-SAP Subvencions | D18: 75.29 | E18: =D18/365*197.5 -> 40.73911 | F18: 53.57 | G18: =E18*F18 -> 2182.3941 | H18: 570 | I18: =H18/365*197.5 -> 308.42466 | J18: 53.57 | K18: =I18*J18 -> 16522.309 | L18: 96.7935 | M18: =L18/365*197.5 -> 52.374565 | N18: 57.5 | O18: =M18*N18 -> 3011.5375
A19: G0389 | B19: SER0044 | C19: APP0861-SAP Convenis | D19: 288.60029 | E19: =D19/365*197.5 -> 156.16043 | F19: 53.57 | G19: =E19*F19 -> 8365.5142 | H19: 577.20058 | I19: =H19/365*197.5 -> 312.32086 | J19: 53.57 | K19: =I19*J19 -> 16731.028 | L19: 129.87013 | M19: =L19/365*197.5 -> 70.272194 | N19: 57.5 | O19: =M19*N19 -> 4040.6511
A20: G0389 | B20: SER0044 | C20: APP0943-Expedient bustia etica | D20: 29.106349 | E20: =D20/365*197.5 -> 15.749326 | F20: 53.57 | G20: =E20*F20 -> 843.69139 | H20: 89.798846 | I20: =H20/365*197.5 -> 48.589786 | J20: 53.57 | K20: =I20*J20 -> 2602.9549 | L20: 17.835779 | M20: =L20/365*197.5 -> 9.6508668 | N20: 57.5 | O20: =M20*N20 -> 554.92484
A21: G0389 | B21: SER0412 | C21: APP0867-Recepció factura electrònica | D21: 200 | E21: =D21/365*197.5 -> 108.21918 | F21: 53.57 | G21: =E21*F21 -> 5797.3014 | H21: 220 | I21: =H21/365*197.5 -> 119.0411 | J21: 53.57 | K21: =I21*J21 -> 6377.0315 | L21: 63 | M21: =L21/365*197.5 -> 34.089041 | N21: 57.5 | O21: =M21*N21 -> 1960.1199
A22: G0389 | B22: SER0412 | C22: APP0864-Emissio factura electrònica | D22: 36.492063 | E22: =D22/365*197.5 -> 19.745706 | F22: 53.57 | G22: =E22*F22 -> 1057.7774 | H22: 72.984127 | I22: =H22/365*197.5 -> 39.491411 | J22: 53.57 | K22: =I22*J22 -> 2115.5549 | L22: 16.421429 | M22: =L22/365*197.5 -> 8.8855675 | N22: 57.5 | O22: =M22*N22 -> 510.92013
A23: G0389 | B23: SER0411 | C23: APP0866-FENS | D23: 20 | E23: =D23/365*197.5 -> 10.821918 | F23: 53.57 | G23: =E23*F23 -> 579.73014 | H23: 85 | I23: =H23/365*197.5 -> 45.993151 | J23: 53.57 | K23: =I23*J23 -> 2463.8531 | L23: 15.75 | M23: =L23/365*197.5 -> 8.5222603 | N23: 57.5 | O23: =M23*N23 -> 490.02997
A24: G0389 | B24: SER0474 | C24: APP0896-Gestió de bestretes | D24: 103.671 | E24: =D24/365*197.5 -> 56.09595 | F24: 53.57 | G24: =E24*F24 -> 3005.06 | H24: 434.23719 | I24: =H24/365*197.5 -> 234.96396 | J24: 53.57 | K24: =I24*J24 -> 12587.019 | L24: 80.686227 | M24: =L24/365*197.5 -> 43.658986 | N24: 57.5 | O24: =M24*N24 -> 2510.3917
A25: G0389 | B25: SER0473 | C25: APP0895-Expedients economics(core) | D25: 0 | E25: =D25/365*197.5 -> 0 | F25: 53.57 | G25: =E25*F25 -> 0 | H25: 202.4 | I25: =H25/365*197.5 -> 109.51781 | J25: 53.57 | K25: =I25*J25 -> 5866.869 | L25: 30.36 | M25: =L25/365*197.5 -> 16.427671 | N25: 57.5 | O25: =M25*N25 -> 944.5911
A26: G0389 | B26: SER0038 | C26: APP0150-Compres | D26: 0 | E26: =D26/365*197.5 -> 0 | F26: 53.57 | G26: =E26*F26 -> 0 | H26: 159.03 | I26: =H26/365*197.5 -> 86.050479 | J26: 53.57 | K26: =I26*J26 -> 4609.7242 | L26: 23.8545 | M26: =L26/365*197.5 -> 12.907572 | N26: 57.5 | O26: =M26*N26 -> 742.18539 | Q26: Varia de molt poc
A27: G0389 | B27: SER0474 | C27: APP0898-Autorització de viatges | D27: 0 | E27: =D27/365*197.5 -> 0 | F27: 53.57 | G27: =E27*F27 -> 0 | H27: 0 | I27: =H27/365*197.5 -> 0 | J27: 53.57 | K27: =I27*J27 -> 0 | L27: 0 | M27: =L27/365*197.5 -> 0 | N27: 57.5 | O27: =M27*N27 -> 0
A28: GR | B28: SER0044 | C28: APP0262-eSubvencions | D28: 288.60029 | E28: =D28/365*197.5 -> 156.16043 | F28: 53.57 | G28: =E28*F28 -> 8365.5142 | H28: 649.35065 | I28: =H28/365*197.5 -> 351.36097 | J28: 53.57 | K28: =I28*J28 -> 18822.407 | L28: 140.69264 | M28: =L28/365*197.5 -> 76.12821 | N28: 57.5 | O28: =M28*N28 -> 4377.3721 | P28: 43466
E29: =SUM(E18:E28) -> 563.69205 | G29: =SUM(G18:G28) -> 30196.983 | I29: =SUM(I18:I28) -> 1655.7542 | K29: =SUM(K18:K28) -> 88698.751 | M29: =SUM(M18:M28) -> 332.91693 | O29: =SUM(O18:O28) -> 19142.724
A30: GERÈNCIA DE RECURSOS (GR) LOT2 SAP | B30: Glòria Santamaria | C30: 321139.87 | D30: =+C30*3 -> 963419.62 | G30: =+D30/36*M30*0.25 -> 13380.828 | H30: 0 | J30: =+D30+G30+H30 -> 976800.45 | K30: S | M30: 2 | N30: 43101 | O30: 43236 | P30: 43236 | Q30: 43297
F32: CORR-RECU-OT | G32: TRANS
E33: 2018 | F33: =G29+K29+O29 -> 138038.46 | G33: =G30 -> 13380.828
E34: 2019 | F34: =F14+I14+L14 -> 255109.05
E35: 2020 | F35: =F14+I14+L14 -> 255109.05
E36: 2021 | F36: =F14+I14+L14 -> 255109.05
F37: =SUM(F33:F36) -> 903365.6 | G37: =SUM(G33:G36) -> 13380.828 | H37: =F37+G37 -> 916746.43
A39: LOT 1
A40: Contracte | B40: Servei | C40: Aplicació | D40: h Manteniment correctiu | E40: Preu/hora | F40: € Manteniment correctiu | G40: h Manteniment recurrent | H40: Preu/hora | I40: € Manteniment recurrent | J40: h OT | K40: Preu/hora | L40: € OT | M40: DATA INICI NOUS SERVEIS
A41: G0389 | B41: SER0031 | C41: APP0176-COPERNICO | D41: 209.25492 | E41: 46.59 | F41: =D41*E41 -> 9749.1868 | G41: 982.79691 | H41: 49.95 | I41: =G41*H41 -> 49090.706 | J41: 178.80777 | K41: 57.5 | L41: =J41*K41 -> 10281.447
A42: G0389 | B42: SER0031 | C42: APP0719-Digitalització actes del plenari | D42: 72.916667 | E42: 46.59 | F42: =D42*E42 -> 3397.1875 | G42: 853.57417 | H42: 49.95 | I42: =G42*H42 -> 42636.03 | J42: 138.97362 | K42: 57.5 | L42: =J42*K42 -> 7990.9834
A43: G0389 | B43: SER0031 | C43: APP0295-GASETA | D43: 161.31323 | E43: 46.59 | F43: =D43*E43 -> 7515.5835 | G43: 739.83205 | H43: 49.95 | I43: =G43*H43 -> 36954.611 | J43: 135.17179 | K43: 57.5 | L43: =J43*K43 -> 7772.378
A44: G0389 | B44: SER0153 | C44: APP0668-Tauler d'Edictes | D44: 43.75 | E44: 46.59 | F44: =D44*E44 -> 2038.3125 | G44: 688.42667 | H44: 49.95 | I44: =G44*H44 -> 34386.912 | J44: 109.8265 | K44: 57.5 | L44: =J44*K44 -> 6315.0237
A45: G0080 | B45: SER0031 | C45: APP0233-eDecrets | D45: 63.135559 | E45: 46.59 | F45: =D45*E45 -> 2941.4857 | G45: 174.43309 | H45: 49.95 | I45: =G45*H45 -> 8712.933 | J45: 35.635298 | K45: 57.5 | L45: =J45*K45 -> 2049.0296
A46: G0080 | B46: SER0031 | C46: APP0942-eDecretIns | D46: 63.135559 | E46: 46.59 | F46: =D46*E46 -> 2941.4857 | G46: 174.43309 | H46: 49.95 | I46: =G46*H46 -> 8712.933 | J46: 35.635298 | K46: 57.5 | L46: =J46*K46 -> 2049.0296
A47: G0079 | B47: SER0031 | C47: APP0340-GPD | D47: 201.75654 | E47: 46.59 | F47: =D47*E47 -> 9399.8373 | G47: 498.38026 | H47: 49.95 | I47: =G47*H47 -> 24894.094 | J47: 105.02052 | K47: 57.5 | L47: =J47*K47 -> 6038.6799
A48: H0094 | B48: SER0031 | C48: Nou registre d'interessos | D48: 199.35211 | E48: 46.59 | F48: =D48*E48 -> 9287.8146 | G48: 375.47097 | H48: 49.95 | I48: =G48*H48 -> 18754.775 | J48: 86.223461 | K48: 57.5 | L48: =J48*K48 -> 4957.849
A49: G0519 | B49: SER0414 | C49: Nou sistema d'alcaldia | D49: 996.76053 | E49: 46.59 | F49: =D49*E49 -> 46439.073 | G49: 1993.5211 | H49: 49.95 | I49: =G49*H49 -> 99576.377 | J49: 448.54224 | K49: 57.5 | L49: =J49*K49 -> 25791.179 | M49: 43405
A50: Projecte nou | C50: Nou expedient de bustia etica | D50: 249.19013 | E50: 46.59 | F50: =D50*E50 -> 11609.768 | G50: 747.5704 | H50: 49.95 | I50: =G50*H50 -> 37341.141 | J50: 149.51408 | K50: 57.5 | L50: =J50*K50 -> 8597.0596 | M50: 43252
A51: Projecte nou | C51: Nou organismes municipals | D51: 124.59507 | E51: 46.59 | F51: =D51*E51 -> 5804.8841 | G51: 498.38026 | H51: 49.95 | I51: =G51*H51 -> 24894.094 | J51: 93.4463 | K51: 57.5 | L51: =J51*K51 -> 5373.1622 | M51: 43252
A52: Projecte nou | C52: Nou GRA | D52: 124.59507 | E52: 46.59 | F52: =D52*E52 -> 5804.8841 | G52: 498.38026 | H52: 49.95 | I52: =G52*H52 -> 24894.094 | J52: 93.4463 | K52: 57.5 | L52: =J52*K52 -> 5373.1622 | M52: 43252
A54: G0080 | B54: SER0031 | C54: APP0591-RIS Unions civils | D54: 10.601545 | E54: 46.59 | F54: =D54*E54 -> 493.92598 | G54: 0 | H54: 49.95 | I54: =G54*H54 -> 0 | J54: 1.5902317 | K54: 57.5 | L54: =J54*K54 -> 91.438325
A55: G0080 | B55: SER0027 | C55: APP0571-RecGUB | D55: 85.016197 | E55: 46.59 | F55: =D55*E55 -> 3960.9046 | G55: 0 | H55: 49.95 | I55: =G55*H55 -> 0 | J55: 12.75243 | K55: 57.5 | L55: =J55*K55 -> 733.2647
A56: G0074 | B56: SER0027 | C56: APP0579-RIS centralitzat | D56: 28.842263 | E56: 46.59 | F56: =D56*E56 -> 1343.761 | G56: 0 | H56: 49.95 | I56: =G56*H56 -> 0 | J56: 4.3263394 | K56: 57.5 | L56: =J56*K56 -> 248.76452
A57: G0080 | B57: SER0032 | C57: APP0341-GRA | D57: 0 | E57: 46.59 | F57: =D57*E57 -> 0 | G57: 0 | H57: 49.95 | I57: =G57*H57 -> 0 | J57: 0 | K57: 57.5 | L57: =J57*K57 -> 0
A58: G0080 | B58: SER0413 | C58: APP0702-VIPS | D58: 0 | E58: 46.59 | F58: =D58*E58 -> 0 | G58: 121.44256 | H58: 49.95 | I58: =G58*H58 -> 6066.056 | J58: 18.216384 | K58: 57.5 | L58: =J58*K58 -> 1047.4421
A59: G0080 | B59: SER0413 | C59: APP0900 - ORGA | D59: 0 | E59: 46.59 | F59: =D59*E59 -> 0 | G59: 0 | H59: 49.95 | I59: =G59*H59 -> 0 | J59: 0 | K59: 57.5 | L59: =J59*K59 -> 0
A60: G0080 | B60: SER0413 | C60: APP0899 SIAP | D60: 0 | E60: 46.59 | F60: =D60*E60 -> 0 | G60: 0 | H60: 49.95 | I60: =G60*H60 -> 0 | J60: 0 | K60: 57.5 | L60: =J60*K60 -> 0
A61: G0080 | B61: SER0413 | C61: APP0896 VERDI | D61: 0 | E61: 46.59 | F61: =D61*E61 -> 0 | G61: 0 | H61: 49.95 | I61: =G61*H61 -> 0 | J61: 0 | K61: 57.5 | L61: =J61*K61 -> 0
A62: G0080 | B62: SER0414 | C62: APP0592-RISPLUS | D62: 654.49265 | E62: 46.59 | F62: =D62*E62 -> 30492.813 | G62: 747.5704 | H62: 49.95 | I62: =G62*H62 -> 37341.141 | J62: 210.30946 | K62: 57.5 | L62: =J62*K62 -> 12092.794
A63: G0074 | B63: SER0414 | C63: APP0294-GALIOT consulta històric | D63: 25.73237 | E63: 46.59 | F63: =D63*E63 -> 1198.8711 | G63: 0 | H63: 49.95 | I63: =G63*H63 -> 0 | J63: 3.8598555 | K63: 57.5 | L63: =J63*K63 -> 221.94169
D64: =SUM(D41:D63) -> 3314.4404 | F64: =SUM(F41:F63) -> 154419.78 | G64: =SUM(G41:G63) -> 9094.2121 | I64: =SUM(I41:I63) -> 454255.9 | J64: =SUM(J41:J63) -> 1861.2979 | L64: =SUM(L41:L63) -> 107024.63
A66: A partir de 16/05/2018
A67: Contracte | B67: Servei | C67: Aplicació | D67: h Manteniment correctiu | E67: h A partir 16/05/2018 | F67: Preu/hora | G67: € Manteniment correctiu | H67: h Manteniment recurrent | I67: h A partir 16/05/2018 | J67: Preu/hora | K67: € Manteniment recurrent | L67: h OT | M67: h A partir 16/05/2018 | N67: Preu/hora | O67: € OT | P67: DATA INICI NOUS SERVEIS
A68: G0389 | B68: SER0031 | C68: APP0176-COPERNICO | D68: 209.25492 | E68: =D68/365*197.5 -> 113.22698 | F68: 46.59 | G68: =E68*F68 -> 5275.2449 | H68: 982.79691 | I68: =H68/365*197.5 -> 531.78737 | J68: 49.95 | K68: =I68*J68 -> 26562.779 | L68: 178.80777 | M68: =L68/365*197.5 -> 96.752152 | N68: 57.5 | O68: =M68*N68 -> 5563.2487
A69: G0389 | B69: SER0031 | C69: APP0719-Digitalització actes del plenari | D69: 72.916667 | E69: =D69/365*197.5 -> 39.454909 | F69: 46.59 | G69: =E69*F69 -> 1838.2042 | H69: 853.57417 | I69: =H69/365*197.5 -> 461.86547 | J69: 49.95 | K69: =I69*J69 -> 23070.18 | L69: 138.97362 | M69: =L69/365*197.5 -> 75.198057 | N69: 57.5 | O69: =M69*N69 -> 4323.8883
A70: G0389 | B70: SER0031 | C70: APP0295-GASETA | D70: 161.31323 | E70: =D70/365*197.5 -> 87.285927 | F70: 46.59 | G70: =E70*F70 -> 4066.6513 | H70: 739.83205 | I70: =H70/365*197.5 -> 400.32008 | J70: 49.95 | K70: =I70*J70 -> 19995.988 | L70: 135.17179 | M70: =L70/365*197.5 -> 73.140901 | N70: 57.5 | O70: =M70*N70 -> 4205.6018
A71: G0389 | B71: SER0153 | C71: APP0668-Tauler d'Edictes | D71: 43.75 | E71: =D71/365*197.5 -> 23.672945 | F71: 46.59 | G71: =E71*F71 -> 1102.9225 | H71: 688.42667 | I71: =H71/365*197.5 -> 372.50484 | J71: 49.95 | K71: =I71*J71 -> 18606.617 | L71: 109.8265 | M71: =L71/365*197.5 -> 59.426668 | N71: 57.5 | O71: =M71*N71 -> 3417.0334
A72: G0080 | B72: SER0031 | C72: APP0233-eDecrets | D72: 63.135559 | E72: =D72/365*197.5 -> 34.162392 | F72: 46.59 | G72: =E72*F72 -> 1591.6258 | H72: 174.43309 | I72: =H72/365*197.5 -> 94.385029 | J72: 49.95 | K72: =I72*J72 -> 4714.5322 | L72: 35.635298 | M72: =L72/365*197.5 -> 19.282113 | N72: 57.5 | O72: =M72*N72 -> 1108.7215
A73: G0080 | B73: SER0031 | C73: APP0942-eDecretIns | D73: 63.135559 | E73: =D73/365*197.5 -> 34.162392 | F73: 46.59 | G73: =E73*F73 -> 1591.6258 | H73: 174.43309 | I73: =H73/365*197.5 -> 94.385029 | J73: 49.95 | K73: =I73*J73 -> 4714.5322 | L73: 35.635298 | M73: =L73/365*197.5 -> 19.282113 | N73: 57.5 | O73: =M73*N73 -> 1108.7215
A74: G0079 | B74: SER0031 | C74: APP0340-GPD | D74: 201.75654 | E74: =D74/365*197.5 -> 109.16964 | F74: 46.59 | G74: =E74*F74 -> 5086.2133 | H74: 498.38026 | I74: =H74/365*197.5 -> 269.67151 | J74: 49.95 | K74: =I74*J74 -> 13470.092 | L74: 105.02052 | M74: =L74/365*197.5 -> 56.826172 | N74: 57.5 | O74: =M74*N74 -> 3267.5049
A75: H0094 | B75: SER0031 | C75: Nou registre d'interessos | D75: 199.35211 | E75: =D75/365*197.5 -> 107.86861 | F75: 46.59 | G75: =E75*F75 -> 5025.5983 | H75: 375.47097 | I75: =H75/365*197.5 -> 203.1658 | J75: 49.95 | K75: =I75*J75 -> 10148.132 | L75: 86.223461 | M75: =L75/365*197.5 -> 46.655161 | N75: 57.5 | O75: =M75*N75 -> 2682.6717
A76: G0519 | B76: SER0414 | C76: Nou sistema d'alcaldia | D76: 996.76053 | E76: =D76/365*197.5 -> 539.34303 | F76: 46.59 | G76: =E76*F76 -> 25127.992 | H76: 1993.5211 | I76: =H76/365*197.5 -> 1078.6861 | J76: 49.95 | K76: =I76*J76 -> 53880.368 | L76: 448.54224 | M76: =L76/365*197.5 -> 242.70436 | N76: 57.5 | O76: =M76*N76 -> 13955.501 | P76: 43405
A77: Projecte nou | C77: Nou expedient de bustia etica | D77: 249.19013 | E77: =D77/365*197.5 -> 134.83576 | F77: 46.59 | G77: =E77*F77 -> 6281.9979 | H77: 747.5704 | I77: =H77/365*197.5 -> 404.50727 | J77: 49.95 | K77: =I77*J77 -> 20205.138 | L77: 149.51408 | M77: =L77/365*197.5 -> 80.901454 | N77: 57.5 | O77: =M77*N77 -> 4651.8336 | P77: 43252
A78: Projecte nou | C78: Nou organismes municipals | D78: 124.59507 | E78: =D78/365*197.5 -> 67.417878 | F78: 46.59 | G78: =E78*F78 -> 3140.9989 | H78: 498.38026 | I78: =H78/365*197.5 -> 269.67151 | J78: 49.95 | K78: =I78*J78 -> 13470.092 | L78: 93.4463 | M78: =L78/365*197.5 -> 50.563409 | N78: 57.5 | O78: =M78*N78 -> 2907.396 | P78: 43252
A79: Projecte nou | C79: Nou GRA | D79: 124.59507 | E79: =D79/365*197.5 -> 67.417878 | F79: 46.59 | G79: =E79*F79 -> 3140.9989 | H79: 498.38026 | I79: =H79/365*197.5 -> 269.67151 | J79: 49.95 | K79: =I79*J79 -> 13470.092 | L79: 93.4463 | M79: =L79/365*197.5 -> 50.563409 | N79: 57.5 | O79: =M79*N79 -> 2907.396 | P79: 43252
A81: G0080 | B81: SER0031 | C81: APP0591-RIS Unions civils | D81: 10.601545 | E81: =D81/365*197.5 -> 5.7364524 | F81: 46.59 | G81: =E81*F81 -> 267.26132 | H81: 0 | I81: =H81/365*197.5 -> 0 | J81: 49.95 | K81: =I81*J81 -> 0 | L81: 1.5902317 | M81: =L81/365*197.5 -> 0.86046786 | N81: 57.5 | O81: =M81*N81 -> 49.476902
A82: G0080 | B82: SER0027 | C82: APP0571-RecGUB | D82: 85.016197 | E82: =D82/365*197.5 -> 46.001915 | F82: 46.59 | G82: =E82*F82 -> 2143.2292 | H82: 0 | I82: =H82/365*197.5 -> 0 | J82: 49.95 | K82: =I82*J82 -> 0 | L82: 12.75243 | M82: =L82/365*197.5 -> 6.9002873 | N82: 57.5 | O82: =M82*N82 -> 396.76652
A83: G0074 | B83: SER0027 | C83: APP0579-RIS centralitzat | D83: 28.842263 | E83: =D83/365*197.5 -> 15.60643 | F83: 46.59 | G83: =E83*F83 -> 727.10356 | H83: 0 | I83: =H83/365*197.5 -> 0 | J83: 49.95 | K83: =I83*J83 -> 0 | L83: 4.3263394 | M83: =L83/365*197.5 -> 2.3409645 | N83: 57.5 | O83: =M83*N83 -> 134.60546
A84: G0080 | B84: SER0032 | C84: APP0341-GRA | D84: 0 | E84: =D84/365*197.5 -> 0 | F84: 46.59 | G84: =E84*F84 -> 0 | H84: 0 | I84: =H84/365*197.5 -> 0 | J84: 49.95 | K84: =I84*J84 -> 0 | L84: 0 | M84: =L84/365*197.5 -> 0 | N84: 57.5 | O84: =M84*N84 -> 0
A85: G0080 | B85: SER0413 | C85: APP0702-VIPS | D85: 0 | E85: =D85/365*197.5 -> 0 | F85: 46.59 | G85: =E85*F85 -> 0 | H85: 121.44256 | I85: =H85/365*197.5 -> 65.712071 | J85: 49.95 | K85: =I85*J85 -> 3282.3179 | L85: 18.216384 | M85: =L85/365*197.5 -> 9.8568107 | N85: 57.5 | O85: =M85*N85 -> 566.76661
A86: G0080 | B86: SER0413 | C86: APP0900 - ORGA | D86: 0 | E86: =D86/365*197.5 -> 0 | F86: 46.59 | G86: =E86*F86 -> 0 | H86: 0 | I86: =H86/365*197.5 -> 0 | J86: 49.95 | K86: =I86*J86 -> 0 | L86: 0 | M86: =L86/365*197.5 -> 0 | N86: 57.5 | O86: =M86*N86 -> 0
A87: G0080 | B87: SER0413 | C87: APP0899 SIAP | D87: 0 | E87: =D87/365*197.5 -> 0 | F87: 46.59 | G87: =E87*F87 -> 0 | H87: 0 | I87: =H87/365*197.5 -> 0 | J87: 49.95 | K87: =I87*J87 -> 0 | L87: 0 | M87: =L87/365*197.5 -> 0 | N87: 57.5 | O87: =M87*N87 -> 0
A88: G0080 | B88: SER0413 | C88: APP0896 VERDI | D88: 0 | E88: =D88/365*197.5 -> 0 | F88: 46.59 | G88: =E88*F88 -> 0 | H88: 0 | I88: =H88/365*197.5 -> 0 | J88: 49.95 | K88: =I88*J88 -> 0 | L88: 0 | M88: =L88/365*197.5 -> 0 | N88: 57.5 | O88: =M88*N88 -> 0
A89: G0080 | B89: SER0414 | C89: APP0592-RISPLUS | D89: 654.49265 | E89: =D89/365*197.5 -> 354.14328 | F89: 46.59 | G89: =E89*F89 -> 16499.536 | H89: 747.5704 | I89: =H89/365*197.5 -> 404.50727 | J89: 49.95 | K89: =I89*J89 -> 20205.138 | L89: 210.30946 | M89: =L89/365*197.5 -> 113.79758 | N89: 57.5 | O89: =M89*N89 -> 6543.361
A90: G0074 | B90: SER0414 | C90: APP0294-GALIOT consulta històric | D90: 25.73237 | E90: =D90/365*197.5 -> 13.92368 | F90: 46.59 | G90: =E90*F90 -> 648.70423 | H90: 0 | I90: =H90/365*197.5 -> 0 | J90: 49.95 | K90: =I90*J90 -> 0 | L90: 3.8598555 | M90: =L90/365*197.5 -> 2.0885519 | N90: 57.5 | O90: =M90*N90 -> 120.09174
E91: =SUM(E68:E90) -> 1793.4301 | G91: =SUM(G68:G90) -> 83555.907 | I91: =SUM(I68:I90) -> 4920.8408 | K91: =SUM(K68:K90) -> 245796 | M91: =SUM(M68:M90) -> 1007.1406 | O91: =SUM(O68:O90) -> 57910.587
A92: GERÈNCIA DE RECURSOS (GR) LOT1 J2EE | B92: Glòria Santamaria | C92: 582484.78 | D92: =+C92*3 -> 1747454.3 | G92: =+D92/36*M92*0.25 -> 24270.199 | H92: 0 | J92: =+D92+G92+H92 -> 1771724.5 | K92: S | M92: 2 | N92: 43101 | O92: 43236 | P92: 43236 | Q92: 43297
F94: CORR-RECU-OT | G94: TRANS
E95: 2018 | F95: =G91+K91+O91 -> 387262.49 | G95: =G92 -> 24270.199
E96: 2019 | F96: =F64+I64+L64 -> 715700.3
E97: 2020 | F97: =F64+I64+L64 -> 715700.3
E98: 2021 | F98: =F64+I64+L64 -> 715700.3
F99: =SUM(F95:F98) -> 2534363.4 | G99: =SUM(G95:G98) -> 24270.199 | H99: =F99+G99 -> 2558633.6
A104: Queden fora els següents manteniments:
A105: GR | B105: SER0028 | C105: APP0360-Inmagic | G105: 6000
A106: GR | B106: SER0028 | C106: APP0859-Unicorn-hyperion | G106: 11459.83
A107: GR | B107: SER0028 | C107: APP0868-Albala | G107: 21244.99
A108: GR | B108: SER0044 | C108: APP0262-eSubvencions | G108: 60000
A109: GR | B109: Governança de serveis i projectes | G109: 170000
A110: GR | B110: Governança de gestió d'actius | G110: 44000
A111: GR | B111: Bustia etica | G111: 6000
...

Sheet Hoja2
